 Dungeon Crawl Stone Soup version 0.31.0-9-g3a7656b989 (webtiles) character file.

Game seed: 3737522820205939109

2442035 MackTheKnife the Conqueror (level 26, 336/336 (345) HPs)
             Began as an Oni Wanderer on Jan 23, 2024.
             Was the Champion of Ru.
             Escaped with the Orb
             ... and 4 runes
             ... and 3 gems (all intact) on Jan 24, 2024!
             The game lasted 01:47:43 (77391 turns).

MackTheKnife the Conqueror (Oni Wanderer)          Turns: 77391, Time: 01:47:44

HP:   336/336 (345) AC: 21    Str: 26    XL:     26   Next: 90%
MP:   20/20         EV: 23    Int: 14    God:    Ru [******]
Gold: 4351          SH: 29    Dex: 14    Spells: 25/25 levels left

rFire   + + .        a - +18 lance "Wyrmbane" {slay drac, rPois rF+ rC+ AC+3}
rCold   . . .        p - +5 tower shield {AC+3}
rNeg    + + .        M - quicksilver dragon scales {rare}
rPois   +            n - +2 hat
rElec   +            U - +2 cloak "Rell" {rElec Regen+}
rCorr   .            (gloves unavailable)
SInv    +            (boots unavailable)
Will    +++..        G - amulet of Quhinuc {Spirit Rampage +Inv rN+ Dex-3} Stlth
                     w - +5 ring of evasion
HPRegen 1.56/turn    r - ring of the Fiend {rF+ rN+ Int+3 Dex+2 SInv, =R}
MPRegen 0.17/turn

%: guardian spirit, rampage
@: studying Ice Magic, lightly drained
A: large, unfitting armour, horns 1, low MP 1, tough skin 1, weak 1, no stealth,
hated by all, cowardly, temperature sensitive, double potion healing, drunken
brawling, thin skeletal structure 1, deformed body, fire resistance 1, robust 1
0: Orb of Zot
}: 4/15 runes: serpentine, barnacled, slimy, silver
a: Renounce Religion, Evoke Invisibility, Draw Out Power, Power Leap, Apocalypse


You escaped.
You worshipped Ru.
Ru was exalted by your worship.
You visited 12 branches of the dungeon, and saw 56 of its levels.
You visited 1 ziggurat, and saw 4 of its levels.
You also visited: Ice Cave and Desolation.

You collected 7407 gold pieces.
You spent 3056 gold pieces at shops.


Innate Abilities, Weirdness & Mutations

You are too large for most types of armour.
You have a pair of small horns on your head.
Your magical capacity is low. (-10% MP)
You have tough skin. (AC +1)
You are weak. (Str -2)
You cannot be stealthy.
You are hated by all.
Your cowardice makes you less effective in combat with threatening foes.
You are sensitive to extremes of temperature. (rF-, rC-)
You gain doubled healing and magic from potions.
Whenever you drink a healing potion, you attack all around you.
You have a somewhat thin skeletal structure. (Dex +2, Stealth+)
Armour fits poorly on your strangely shaped body.
Your flesh is heat resistant. (rF+)
You are robust. (+10% HP)


   Skills:
 O Level 27 Fighting
 - Level 2.9 Maces & Flails
 - Level 20.0 Polearms
 - Level 1.0 Throwing
 - Level 10.0 Armour
 - Level 20.0 Dodging
 + Level 25.6 Shields
 - Level 8.0 Evocations
 - Level 10.0 Shapeshifting


You had 25 spell levels left.
You didn't know any spells.
Your spell library contained the following spells:

 Spells                   Type           Power      Damage    Failure   Level
 Apportation              Tloc           0%         N/A       41%         1
 Foxfire                  Conj/Fire      0%         2x1d4     41%         1
 Kiss of Death            Conj/Necr      0%         2d5       41%         1
 Magic Dart               Conj           0%         1d3       41%         1
 Sandblast                Erth           0%         2d4       41%         1
 Shock                    Conj/Air       0%         1d3       41%         1
 Slow                     Hex            0%         N/A       41%         1
 Blink                    Tloc           0%         N/A       54%         2
 Cigotuvi's Dreadful Rot  Necr/Alch/Air  0%         N/A       54%         2
 Jinxbite                 Hex            0%         N/A       54%         2
 Lesser Beckoning         Tloc           0%         N/A       54%         2
 Momentum Strike          Conj/Tloc      0%         3d8       54%         2
 Scorch                   Fire           0%         2d5       54%         2
 Searing Ray              Conj           0%         2d4       54%         2
 Static Discharge         Conj/Air       0%         3-3/arc   54%         2
 Sublimation of Blood     Necr           0%         N/A       54%         2
 Confusing Touch          Hex            0%         N/A       78%         3
 Dazzling Flash           Conj/Hex       0%         N/A       78%         3
 Fugue of the Fallen      Necr           0%         N/A       78%         3
 Gell's Gravitas          Tloc           0%         N/A       78%         3
 Inner Flame              Hex/Fire       0%         N/A       78%         3
 Mephitic Cloud           Conj/Alch/Air  0%         N/A       78%         3
 Ozocubu's Armour         Ice            0%         N/A       78%         3
 Sigil of Binding         Hex            0%         N/A       78%         3
 Stone Arrow              Conj/Erth      0%         3d7       78%         3
 Swiftness                Air            0%         N/A       78%         3
 Teleport Other           Tloc           0%         N/A       78%         3
 Vampiric Draining        Necr           0%         2d6       78%         3
 Volatile Blastmotes      Fire/Tloc      0%         2d10      78%         3
 Airstrike                Air            0%         2d(0-16)  99%         4
 Dimensional Bullseye     Hex/Tloc       0%         N/A       99%         4
 Dispel Undead            Necr           0%         3d6       99%         4
 Flame Wave               Conj/Fire      0%         2d4       99%         4
 Fulminant Prism          Conj/Alch      0%         3d5       99%         4
 Ignite Poison            Fire/Alch      0%         N/A       99%         4
 Iskenderun's Mystic Bla  Conj/Tloc      0%         2d3       99%         4
 Leda's Liquefaction      Alch/Erth      0%         N/A       99%         4
 Manifold Assault         Tloc           0%         N/A       99%         4
 Olgreb's Toxic Radiance  Alch           0%         N/A       99%         4
 Petrify                  Alch/Erth      0%         N/A       99%         4
 Sticky Flame             Fire/Alch      0%         2d4       99%         4
 Vhi's Electric Charge    Tloc/Air       0%         N/A       99%         4
 Alistair's Intoxication  Alch           0%         N/A       100%        5
 Borgnjor's Vile Clutch   Necr/Erth      0%         N/A       100%        5
 Fireball                 Conj/Fire      0%         3d3       100%        5
 Freezing Cloud           Conj/Ice/Air   0%         6-21      100%        5
 Irradiate                Conj/Alch      0%         3d11      100%        5
 Dispersal                Tloc           0%         N/A       100%        6
 Starburst                Conj/Fire      0%         6d3       100%        6
 Ozocubu's Refrigeration  Ice            0%         4d7       100%        7
 Discord                  Hex            0%         N/A       100%        8
 Ignition                 Fire           0%         3d3       100%        8
 Lehudib's Crystal Spear  Conj/Erth      0%         10d2      100%        8
 Maxwell's Capacitive Co  Air            0%         ∞         100%        8
 Fire Storm               Conj/Fire      0%         5d1       100%        9
 Summon Small Mammal      Summ           Unusable   N/A       N/A         1
 Call Canine Familiar     Summ           Unusable   N/A       N/A         3
 Animate Armour           Summ/Erth      Unusable   N/A       N/A         4
 Animate Dead             Necr           Unusable   N/A       N/A         4
 Martyr's Knell           Necr/Summ      Unusable   N/A       N/A         4
 Summon Blazeheart Golem  Fire/Summ      Unusable   N/A       N/A         4
 Summon Lightning Spire   Summ/Air       Unusable   N/A       N/A         4
 Death Channel            Necr           Unusable   N/A       N/A         6
 Summon Cactus Giant      Summ           Unusable   N/A       N/A         6

Inventory:

Hand Weapons
 a - the +18 lance "Wyrmbane" (weapon) {slay drac, rPois rF+ rC+ AC+3}
   (You took it off Maggie on level 6 of the Dungeon)

   AC+3:      It affects your AC (+3).
   rF+:       It protects you from fire.
   rC+:       It protects you from cold.
   rPois:     It protects you from poison
Armour
 n - a +2 hat (worn)
   (You found it on level 7 of the Dungeon)
 p - a +5 tower shield of protection (worn)
   (You acquired it on level 4 of the Shoals)
 M - quicksilver dragon scales (worn) {rare}
   (You found it on level 2 of the Realm of Zot)
 U - the +2 cloak "Rell" (worn) {rElec Regen+}
   (You found it on level 3 of the Elven Halls)

   rElec:     It insulates you from electricity.
   Regen+:    It increases your rate of health regeneration.
Jewellery
 b - the ring of Qiux {Fly rElec rF- rC+++ Int-5}
   (You found it in the Desolation of Salt)

   [ring of flight]

   Int-5:     It affects your intelligence (-5).
   rF-:       It makes you vulnerable to fire.
   rC+++:     It renders you almost immune to cold.
   rElec:     It insulates you from electricity.
   Fly:       It grants you flight.
 r - the ring of the Fiend (right hand) {rF+ rN+ Int+3 Dex+2 SInv, =R}
   (You found it on level 2 of the Dungeon)

   [ring of protection from fire]

   Int+3:     It affects your intelligence (+3).
   Dex+2:     It affects your dexterity (+2).
   rF+:       It protects you from fire.
   rN+:       It protects you from negative energy.
   SInv:      It lets you see invisible.
 w - a +5 ring of evasion (left hand)
   (You found it on level 5 of the Dungeon)
 B - a ring of willpower
   (You found it on level 5 of the Vaults)
 G - the amulet of Quhinuc (around neck) {Spirit Rampage +Inv rN+ Dex-3}
   (You found it on level 5 of the Pits of Slime)

   [amulet of guardian spirit]

   Spirit:    It causes incoming damage to be divided between your reserves of
   health and magic.
   Dex-3:     It affects your dexterity (-3).
   rN+:       It protects you from negative energy.
   +Inv:      It lets you turn invisible.
   Rampage:   It bestows one free step when moving towards enemies.
 H - an amulet of guardian spirit
   (You found it on level 8 of the Dungeon)
Wands
 v - a wand of flame (111)
   (You found it on level 3 of the Dungeon)
 C - a wand of roots (54)
   (You found it on level 5 of the Dungeon)
 D - a wand of digging (4)
   (You found it on level 5 of the Dungeon)
 F - a wand of mindburst (29)
   (You found it on level 7 of the Dungeon)
 I - a wand of polymorph (32)
   (You found it on level 8 of the Dungeon)
 O - a wand of paralysis (2)
   (You found it on level 1 of the Elven Halls)
 Q - a wand of light (6)
   (You found it on level 2 of the Lair of Beasts)
Scrolls
 g - 18 scrolls of teleportation {@r4}
 h - 3 scrolls of brand weapon
 k - 10 scrolls of immolation {!r!r}
 l - 6 scrolls of fog
 s - 5 scrolls of fear
 t - 3 scrolls of silence {!r}
 u - 7 scrolls of enchant weapon
 y - 22 scrolls of identify {@r1}
 z - a scroll of revelation
 J - a scroll of blinking {!r}
 L - 4 scrolls of vulnerability {!r!r}
 X - 3 scrolls of poison
Potions
 c - 4 potions of cancellation
 d - 2 potions of berserk rage {!q}
 e - 14 potions of curing {@q1}
 f - 3 potions of might
 i - 9 potions of attraction {!q}
 j - 6 potions of heal wounds {@q2}
 m - 9 potions of mutation {!q}
 K - 11 potions of brilliance
 P - 5 potions of invisibility
 W - 2 potions of magic
 Y - 9 potions of enlightenment
Miscellaneous
 x - a phial of floods
   (You found it on level 5 of the Vaults)
 R - a condenser vane (inert)
   (You found it on level 5 of the Vaults)
 S - a lightning rod (4/4)
   (You found it on level 3 of the Lair of Beasts)

Dungeon Overview and Level Annotations

Branches:
Dungeon (15/15)            Temple (1/1) D:5            Lair (5/5) D:8
 Shoals (4/4) Lair:2        Snake (4/4) Lair:2        Slime (5/5) Lair:4
    Orc (2/2) D:9             Elf (3/3) Orc:2        Vaults (5/5) D:13
  Crypt (3/3) Vaults:2     Depths (4/4) D:15            Zot (5/5) Depths:4
  IceCv (visited)         Desolation (visited)
   Tomb: Crypt:3

Altars:
Ashenzari
Cheibriados
Dithmenos
Elyvilon
Gozag
Kikubaaqudgha
Makhleb
Nemelex Xobeh
Okawaru
Qazlal
Ru
Sif Muna
Trog
Uskayaw
Vehumet
Wu Jian
Xom
Zin
The Shining One
Lugonu

Shops:
D:4 ![([   D:12 (   Orc:2 (:[(   Elf:1 *   Shoals:2 !   Shoals:3 (   Shoals:4 ?
Snake:1 ==:   Snake:2 :   Snake:3 [   Depths:2 (*[!   Depths:4 *

Portals:
Hell: Depths:1 Depths:3 Depths:4
Abyss: Depths:3 Depths:4
Pandemonium: Depths:2 Depths:4
Trove: Elf:1 (give 5 potions of resistance)

Annotations:
D:9 3 runed translucent doors, exclusion: 3 doors, Raspi's ghost, novice FoFi
Lair:1 exclusion: 3 oklob plants
Lair:4 exclusion: downstairs
Elf:2 3 runed translucent doors
Vaults:2 exclusion: downstairs
Depths:1 2 transporters, t4s4d4r's ghost, adept DsEE
Depths:2 1 runed translucent door, Vv

#.# #.####.#######.#.##.# #.# #.#
#.### #.#.##.# ##.# #.# #...#
#.#.##.#
##.##########.####.#.#####.#.##.#
........#...............##....#.#
.######.#..##♣♣♣.♣♣♣##..##.#.#..#
.# #....# ♣⌠♣ #..........# .#
###..♣♣♣♣♣.♣♣♣♣♣...#.#.#.## .#
#.....⌠.@.⌠.....##....## .#
#..♣♣♣♣♣.♣♣♣♣♣...#.#.## .# #..#
♣⌠♣ #.....#.# .#
#..##♣♣♣.♣♣♣##..####.# .#
#.............2.# #.# .#
######..###.##.## #.# ##
##.....##.# #.#### #####.##.#
#..... #.##.# #####.


There were no monsters in sight!


Message History

You reach to attack!
You barely miss the orange demon. You block the orange demon's attack.
You puncture the large abomination! You headbutt the large abomination.
You impale the large abomination!!
Your headbutt misses the large abomination.
The large abomination is stunned by your conviction and fails to attack.
You block the orange demon's attack.
You impale the large abomination!!
You destroy the large abomination!
You now have 333 max hp (+1).
You reach to attack!
You puncture the orange demon! You block the orange demon's attack.
You hit the large abomination but do no damage.
You headbutt the large abomination. 😎 HP[+1]
Your hp is fully restored (333).
You hit the large abomination.
You block the large abomination's attack.
You block the orange demon's attack.
You impale the large abomination!!
You headbutt the large abomination, but do no damage.
You hit the large abomination. You headbutt the large abomination!
You block the large abomination's attack.
You block the orange demon's attack.
You puncture the large abomination!
You destroy the large abomination!
You now have 334 max hp (+1).
You impale the large abomination!!
The large abomination is stunned by your conviction and fails to attack.
You block the orange demon's attack. 😎 HP[+1]
Your hp is fully restored (334).
You hit the large abomination but do no damage.
You hit the large abomination. You headbutt the large abomination!
You block the large abomination's attack.
You block the orange demon's attack.
You puncture the large abomination! You headbutt the large abomination.
You destroy the large abomination!
You now have 335 max hp (+1).
You reach to attack!
You impale the orange demon!!
The orange demon closely misses you. 😎 HP[+1]
Your hp is fully restored (335).
You reach to attack!
You barely miss the orange demon.
You reach to attack!
You impale the orange demon!!
You kill the orange demon!
You now have 336 max hp (+1).
No target in view!
There is an open door here. 😎 HP[+1]
Your hp is fully restored (336).
Items here: )) [[ ÷.
There is a stone staircase leading up here.
You climb upwards.
There is a stone staircase leading down here.
What level of the Dungeon? (default 1, ? - help)
There is a stone staircase leading up, spattered with blood here.
You climb upwards.
There is a stone staircase leading down here.
There is an open door here.
There is a stone staircase leading up here.
You climb upwards.
There is a stone staircase leading down here.
You see here a +0 halberd {polearm}.
There is a burning altar of Makhleb here.
Things that are here:
a +0 whip {mace}; a +0 robe A lorocyproca comes into view.
No target in view!
No target in view!
There is a stone staircase leading up here.
You can't go up here!
You impale the lorocyproca!!
You headbutt the lorocyproca, but do no damage.
You puncture the lorocyproca! You block the lorocyproca's attack.
You closely miss the lorocyproca. You headbutt the lorocyproca!
You hit the lorocyproca. You headbutt the lorocyproca.
The lorocyproca completely misses you.
You barely miss the lorocyproca.
You headbutt the lorocyproca, but do no damage.
You puncture the lorocyproca! You block the lorocyproca's attack.
You barely miss the lorocyproca. Your headbutt misses the lorocyproca.
You puncture the lorocyproca! You block the lorocyproca's attack.
You puncture the lorocyproca!
You hit the lorocyproca but do no damage.
Your headbutt misses the lorocyproca. The lorocyproca misses you.
You puncture the lorocyproca!
You kill the lorocyproca!
There is a stone staircase leading up here.
You climb upwards.
There is a stone staircase leading down here.
What level of the Dungeon? (default 1, ? - help)
There is a stone staircase leading up here.
You climb upwards.
There is a stone staircase leading down here.
A shadow demon comes into view.
The shadow demon moves out of view.
There is a fountain of clear blue water here.
There is a staircase leading out of the dungeon here.
You have escaped!

Skill      XL: |  1  2  3  4  5  6  7  8  9 10 11 12 13 14 15 16 17 18 19 20 21 22 23 24 25 26 |
---------------+-------------------------------------------------------------------------------+-----
Fighting       | 2 3 5 6 8 9 11 14 15 16 20 24 27 | 27.0
Maces & Flails | 2 |  2.9
Polearms       | 6 11 12 14 15 16 18 20 | 20.0
Dodging        | 6 9 11 12 14 19 20 | 20.0
Stealth        | 0 |  0.0
Shields        | 7 13 14 17 20 22 23 25 | 25.6
Armour         | 4 10 | 10.0
Evocations     | 7 8 |  8.0
Shapeshifting  | 8 10 | 10.0
Throwing       | |  1.0

Action                     |  1- 3 |  4- 6 |  7- 9 | 10-12 | 13-15 | 16-18 | 19-21 | 22-24 | 25-27 || total
---------------------------+-------+-------+-------+-------+-------+-------+-------+-------+-------++-------
  Melee: Spear             |   100 |       |       |       |       |       |       |       |       ||   100
         Headbutt          |    10 |    23 |    54 |   150 |   437 |   521 |   876 |   685 |   530 ||  3286
         Dagger            |     9 |   119 |   147 |       |       |       |       |       |       ||   275
         Punch             |       |     2 |     2 |     4 |    17 |    13 |       |       |       ||    38
         Whip              |       |       |    10 |       |       |       |       |       |       ||    10
         Lance             |       |       |    94 |   722 |  1722 |  2341 |  2964 |  2346 |  1594 || 11783
  Throw: Dart              |       |     7 |     5 |     5 |       |     3 |     1 |       |       ||    21
 Invoke: Sacrifice Resista |       |       |     1 |       |       |       |       |       |       ||     1
         Sacrifice Love    |       |       |       |     1 |       |       |       |       |       ||     1
         Draw Out Power    |       |       |       |     1 |     3 |     4 |     2 |       |     1 ||    11
         Sacrifice Stealth |       |       |       |     1 |       |       |       |       |       ||     1
         Sacrifice Courage |       |       |       |     1 |       |       |       |       |       ||     1
         Reject Sacrifices |       |       |       |     1 |       |       |       |       |       ||     1
         Sacrifice Essence |       |       |       |       |     1 |       |       |       |       ||     1
         Sacrifice Purity  |       |       |       |       |     1 |       |       |       |       ||     1
         Apocalypse        |       |       |       |       |       |     4 |     4 |    10 |     6 ||    24
  Evoke: Wand              |     3 |     6 |    15 |     2 |     4 |    17 |    16 |     7 |    11 ||    81
         Lightning rod     |       |       |       |       |     6 |     7 |       |     4 |     5 ||    22
         Condenser vane    |       |       |       |       |       |       |       |       |     2 ||     2
    Use: Scroll            |     4 |       |     8 |    12 |     4 |     5 |     5 |    14 |    16 ||    68
         Potion            |       |       |       |     1 |       |     5 |       |     2 |    32 ||    40
   Stab: Sleeping          |     4 |     2 |     1 |       |       |       |     1 |       |       ||     8
         Distracted        |       |       |     1 |     2 |     9 |     5 |     7 |     7 |     4 ||    35
         Invisible         |       |       |       |     4 |    11 |    36 |    23 |     3 |    18 ||    95
         Petrified         |       |       |       |       |     3 |       |       |       |       ||     3
         Petrifying        |       |       |       |       |     1 |       |       |       |       ||     1
         Paralysed         |       |       |       |       |    12 |    25 |    18 |    19 |    21 ||    95
 Armour: Robe              |    65 |    93 |   188 |   297 |   614 |   827 |   726 |   399 |   171 ||  3380
         Quicksilver drago |       |       |       |       |       |       |       |       |    52 ||    52
  Dodge: Dodged            |    39 |    50 |    86 |   207 |   387 |   473 |   421 |   291 |   283 ||  2237
  Block: Kite shield       |       |       |       |       |       |   460 |    84 |       |       ||   544
         Tower shield      |       |       |       |       |       |       |  1544 |  1090 |   972 ||  3606

Levels and vault maps discovered:
D:1:      scummos_arrival_forest, layout_loops_ring
D:2:      layout_loops_ring, uniq_robin
D:3:      layout_basic, mainiacjoe_overflow_large_starburst, bloody_makhleb,
          minmay_close_crescents
D:4:      layout_gridville, minmay_shop_grid_forest
D:5:      layout_basic, lightli_temple_of_fire,
          minmay_temple_entry_statues_pillars
D:6:      layout_basic, uniq_prince_ribbit1, uniq_pikel, uniq_maggie
D:7:      layout_layer_cave, overflow_temple_1_default, serial_glass,
          glass_columns_b, glass_columns_c, minmay_strange_pillars,
          uniq_jeremiah, uniq_maurice
D:8:      layout_rooms, overflow_temple_1_default, nicolae_vehumet_radiance,
          david_lair_generic
D:9:      layout_basic, erik_orc_4, gammafunk_ghost_nasty_kobolds
D:10:     layout_cave_pools, serial_park, serial_park_paths
          [serial_park_minivault_5x5_4], serial_park_tiny_2, serial_park_square3
          [serial_park_minivault_5x5_2], serial_park_tiny_2,
          serial_park_square2, serial_park_tiny_pond
D:11:     layout_loops_ring, serial_bayou_crossing, uniq_erolcha
D:12:     layout_stronghold, serial_shops, shop, minmay_misc_feat_hallway,
          uniq_urug, uniq_nessos
D:13:     minmay_wizard_corner, layout_basic, erik_vaults_2
D:14:     layout_basic
D:15:     hellmonk_depths_entry_around_the_bend, layout_long_grid,
          serial_bayou_ford_a, serial_demonic, serial_demonic_f,
          serial_demonic_f, serial_demonic_f, serial_demonic_f,
          evilmike_butchery
Temple:   minmay_freezing_vapour_temple
Lair:1:   layout_regular_city, minmay_lair_oklob_items, disabler_island,
          serial_bayou_shore_b, grunt_megastairs_4, infiniplex_staircase_pool
Lair:2:   layout_cellular_growth, minmay_shoals_entry_centaurs,
          minmay_snake_entry_guardpost_small
Lair:3:   beast_lair_carwin_large_3, layout_layer_cave,
          portal_ice_cave_entry_ice_simulacra, serial_bayou_shore_b,
          serial_bayou_shore_b
Lair:4:   layout_regular_city, dpeg_slime_entry_corner, serial_bayou_shore_a,
          serial_bayou_shore_b, uniq_josephine
Lair:5:   minmay_lair_end_enchanted_forest, layout_big_grid,
          serial_bayou_shore_b
Shoals:1: layout_shoals
Shoals:2: layout_shoals, nicolae_shoals_c_island
Shoals:3: layout_shoals, serial_shops, nicolae_shop_tiny_glass
Shoals:4: shoals_end_grunt_garden, layout_shoals, serial_shops,
          nicolae_shop_stone, uniq_louise
Snake:1:  layout_cave_shapes, minmay_shop_grove
Snake:2:  layout_onion_interference, serial_shops, shop, uniq_frances
Snake:3:  layout_gridlike, serial_shops, nicolae_shop_advertising_works
          [nicolae_subvault_shop_adworks], nicolae_integral_box
Snake:4:  snake_pit_salamanders_mu, layout_cave_town,
          nicolae_snake_gridmaze_zigzag, serial_bayou_shore_b, uniq_aizul,
          uniq_vashnia, uniq_agnes
Slime:1:  layout_caves, basic_altar
Slime:2:  layout_caves
Slime:3:  layout_caves, nicolae_slime_round_cave
Slime:4:  layout_caves
Slime:5:  slime_pit_nicolae_inversion
Orc:1:    nicolae_orc_accident_2, layout_caves, basic_altar,
          nicolae_orc_crystal_geode, uniq_fannar
Orc:2:    st_orc_open, layout_caves
Elf:1:    layout_geoelf_diagonals, enter_trove_6,
          hellmonk_ghost_happy_afterlife, hangedman_elven_crosses_minicolossus,
          nicolae_alphabet_shops
Elf:2:    elven_hall_of_blades_hangedman_original
          [nicolae_blade_entry_diamond_columns], layout_geoelf_octagon,
          nicolae_elevator_lobby_asterisk
Elf:3:    minmay_elf_hall_hex, layout_gridlike, statue_in_the_mist_lemuel
Vaults:1: hangedman_vaults_nodes, nicolae_vaults_alarming,
          hangedman_vaults_stitches, hangedman_vaults_trim,
          ontoclasm_vaults_ring_large, v_misc_25,
          nicolae_vaults_network_quinsquares
          [nicolae_vaults_network_quincunx_subvault,
          nicolae_vaults_network_quincunx_subvault,
          nicolae_vaults_network_quincunx_subvault,
          nicolae_vaults_network_quincunx_subvault], nicolae_vaults_trapezoid_1,
          hangedman_vaults_pinch, vaults_room_grid, nicolae_vaults_diamond_2,
          nicolae_vaults_trapezoid_2, nicolae_vaults_little_squares_5,
          nicolae_vaults_security_offices_4, ontoclasm_vaults_bender,
          layout_vaults_maze_bifur
Vaults:2: nicolae_vaults_branching_niches, grunt_vaults_twisty,
          nicolae_vaults_storage_closets_1, minmay_crypt_entry_necro_gods,
          ontoclasm_vaults_chip, nicolae_vaults_storage_closets_3,
          hangedman_vaults_capsules, vaults_dpeg_hooks,
          nicolae_vaults_closet_pinwheel_4, layout_vaults_omnigrid,
          uniq_saint_roka
Vaults:3: nicolae_vaults_turnstiles, nicolae_vaults_corpse_flower,
          nicolae_vaults_sightless_eye, hangedman_vaults_nails,
          vaults_room_large_hall, nicolae_vaults_network_barrier, v_misc_4,
          hangedman_vaults_trim, nicolae_vaults_house_2, layout_vaults_omnibox,
          uniq_boris
Vaults:4: portal_desolation_entry_holy_temple, v_rooms_5,
          serial_library_hellmonk_narrow_alcove,
          nicolae_vaults_storage_room_statues, nicolae_vaults_sesquioval_fish,
          nicolae_vaults_tangram_2, vaults_standard_mumra_enter_the_diamond,
          nicolae_vaults_angled_halls, grunt_vaults_diagonal,
          nicolae_vaults_offset_grid_hallway_4,
          nicolae_vaults_little_guard_posts, ontoclasm_vaults_pinch,
          nicolae_vaults_stepped_doors, nicolae_vaults_surprise_closet,
          nicolae_vaults_double_plus_1, layout_vaults_chaotic_city
Vaults:5
Crypt:1:  layout_gridlike, lemuel_mausoleum_altar_yredelemnul
Crypt:2:  layout_chaotic_city, minmay_misc_feat_alley
Crypt:3:  church_of_pain_bobbens, layout_chaotic_city,
          small_chamber_with_monster, nicolae_crypt_diagonal_loculi
Depths:1: layout_basic, hell_entry, gammafunk_ghost_wrathful_warriors,
          minmay_the_grid_square_5x5_3x3_mashed
          [minmay_the_grid_square_5x5_shuriken,
          minmay_the_grid_square_5x5_intrusive_squares,
          minmay_the_grid_square_5x5_slash, minmay_the_grid_square_5x5_six,
          minmay_the_grid_square_5x5_megaprize_hollow,
          minmay_the_grid_square_5x5_eight_small,
          minmay_the_grid_square_5x5_half_checkered,
          minmay_the_grid_square_5x5_broken_cross,
          minmay_the_grid_square_5x5_percent], serial_bayou_shore_b
Depths:2: minmay_expanding_circles, layout_gridlike,
          chequers_serial_rivers_room_b, pf_hell_entry_tar_spiral,
          rand_demon_pan_entry_3, minmay_shoptagon,
          infiniplex_staircase_zigzag_3, uniq_vv
Depths:3: minmay_diamond_stairs, layout_cave_pools, abyss_entry_flame_altar,
          lightli_too_deep
Depths:4: grunt_zot_entry_hairpin, layout_cross, enter_ziggurat_c,
          minmay_misc_feat_secret_circle, minmay_room_of_horrors, pan_entry,
          nicolae_hell_entry_big_baal_hell
Zot:1:    layout_twisted_circle, ebering_ghost_rock_garden,
          nicolae_transporter_intersection, uniq_parghit
Zot:2:    layout_misc_corridors, regret_index_zotdec_serpentine_scales,
          grunt_megastairs_2
Zot:3:    layout_onion_interference
Zot:4:    layout_basic, regret_index_zotdec_under_construction
Zot:5:    layout_gridlike, st_stairs_13, lemuel_lake_of_fire

Notes
Turn   | Place    | Note
-------+----------+-------------------------------------------
     0 | D:1      | MackTheKnife the Oni Wanderer began the quest for the Orb.
     0 | D:1      | MackTheKnife set off with the following items: a +0 spear
                  | {polearm}, a wand of mindburst (14), a +0 robe, a potion of
                  | berserk rage {!q}.
     0 | D:1      | Reached XP level 1. HP: 19/19 MP: 1/1
     0 | D:1      | magus.rc [v1.9.6]
    32 | D:1      | Reached skill level 2 in Fighting
    77 | D:1      | Reached XP level 2. HP: 29/29 MP: 2/2
   105 | D:1      | You pick up a book of Spatial Translocations and begin
                  | reading...
   105 | D:1      | You add the spells Blink, Momentum Strike and Lesser
                  | Beckoning to your library.
   115 | D:1      | Reached skill level 3 in Fighting
   794 | D:2      | Reached XP level 3. HP: 38/39 MP: 3/3
   933 | D:2      | Reached skill level 4 in Fighting
   949 | D:2      | Noticed Robin
  1111 | D:2      | Killed Robin
  1376 | D:2      | Identified the ring of the Fiend {rF+ rN+ Int+3 Dex+2 SInv}
  1527 | D:3      | Found a shimmering altar of Xom.
  1551 | D:3      | Reached skill level 5 in Fighting
  1551 | D:3      | Reached XP level 4. HP: 50/50 MP: 4/4
  1557 | D:3      | Found a burning altar of Makhleb.
  1591 | D:3      | Found a glowing golden altar of the Shining One.
  1665 | D:3      | Reached skill level 6 in Fighting
  1694 | D:3      | Noticed a scorpion
  1701 | D:3      | Killed a scorpion
  1702 | D:3      | Reached XP level 5. HP: 61/61 MP: 5/5
  1914 | D:3      | Reached skill level 7 in Fighting
  2142 | D:3      | Noticed a sky beast
  2151 | D:3      | Killed a sky beast
  2152 | D:3      | Reached skill level 8 in Fighting
  2152 | D:3      | Reached XP level 6. HP: 51/72 MP: 6/6
  2456 | D:4      | Found Xacehad's Armour Emporium.
  2456 | D:4      | Found Ane Vaan's Weapon Emporium.
  2458 | D:4      | Found Nuraran's Distillery.
  2468 | D:4      | Found Axygauqe's Armour Emporium.
  2483 | D:4      | Bought a potion of curing for 39 gold pieces
  2496 | D:4      | Bought 2 potions of curing for 78 gold pieces
  2678 | D:4      | Reached skill level 9 in Fighting
  2879 | D:4      | Reached XP level 7. HP: 76/83 MP: 7/7
  3351 | D:5      | Entered Level 5 of the Dungeon
  3351 | D:5      | Found a staircase to the Ecumenical Temple.
  3407 | D:5      | Reached skill level 10 in Fighting
  3412 | Temple   | Entered the Ecumenical Temple
  3521 | Temple   | Became a worshipper of Ru the Awakened
  3936 | D:5      | Reached skill level 11 in Fighting
  4103 | D:5      | Reached XP level 8. HP: 66/97 MP: 8/8
  4458 | D:5      | You pick up a book of Scorching and begin reading...
  4458 | D:5      | You add the spells Scorch, Flame Wave and Summon Cactus
                  | Giant to your library.
  4460 | D:5      | Found a bloodstained altar of Trog.
  4551 | D:5      | Reached skill level 12 in Fighting
  4635 | D:6      | Noticed Pikel
  4665 | D:6      | Killed Pikel
  4666 | D:6      | Reached skill level 13 in Fighting
  4901 | D:6      | Reached skill level 1 in Maces & Flails
  4951 | D:6      | Noticed Maggie
  4951 | D:6      | Maggie the Vainglorious comes into view. She is wielding
                  | the +9 lance "Wyrmbane" {slay drac, rPois rF+ rC+ AC+3}.
  4952 | D:6      | Aim: Maggie, wielding the +9 lance "Wyrmbane" {slay drac,
                  | rPois rF+ rC+ AC+3} and wearing +0 steam dragon scales
  4952 | D:6      | Aim: Maggie, wielding the +9 lance "Wyrmbane" {slay drac,
                  | rPois rF+ rC+ AC+3} and wearing +0 steam dragon scales
  4953 | D:6      | Aim: Maggie, wielding the +9 lance "Wyrmbane" {slay drac,
                  | rPois rF+ rC+ AC+3} and wearing +0 steam dragon scales
                  | (lightly wounded, constricted by roots, chance to affect:
                  | 74%)
  4953 | D:6      | Aim: Maggie, wielding the +9 lance "Wyrmbane" {slay drac,
                  | rPois rF+ rC+ AC+3} and wearing +0 steam dragon scales
                  | (lightly wounded, constricted by roots, chance to affect:
                  | 74%)
  4954 | D:6      | Aim: Maggie, wielding the +9 lance "Wyrmbane" {slay drac,
                  | rPois rF+ rC+ AC+3} and wearing +0 steam dragon scales
                  | (moderately wounded, chance to affect: 74%)
  4954 | D:6      | Aim: Maggie, wielding the +9 lance "Wyrmbane" {slay drac,
                  | rPois rF+ rC+ AC+3} and wearing +0 steam dragon scales
                  | (moderately wounded, chance to affect: 74%)
  4955 | D:6      | Aim: Maggie, wielding the +9 lance "Wyrmbane" {slay drac,
                  | rPois rF+ rC+ AC+3} and wearing +0 steam dragon scales
                  | (severely wounded, chance to affect: 74%)
  4955 | D:6      | Aim: Maggie, wielding the +9 lance "Wyrmbane" {slay drac,
                  | rPois rF+ rC+ AC+3} and wearing +0 steam dragon scales
                  | (severely wounded, chance to affect: 74%)
  4956 | D:6      | Aim: Maggie, wielding the +9 lance "Wyrmbane" {slay drac,
                  | rPois rF+ rC+ AC+3} and wearing +0 steam dragon scales
                  | (severely wounded)
  4956 | D:6      | Aim: Maggie, wielding the +9 lance "Wyrmbane" {slay drac,
                  | rPois rF+ rC+ AC+3} and wearing +0 steam dragon scales
                  | (severely wounded)
  4957 | D:6      | Aim: Maggie, wielding the +9 lance "Wyrmbane" {slay drac,
                  | rPois rF+ rC+ AC+3} and wearing +0 steam dragon scales
                  | (severely wounded, constricted by roots, chance to affect:
                  | 74%)
  4957 | D:6      | Aim: Maggie, wielding the +9 lance "Wyrmbane" {slay drac,
                  | rPois rF+ rC+ AC+3} and wearing +0 steam dragon scales
                  | (severely wounded, constricted by roots, chance to affect:
                  | 74%)
  4958 | D:6      | Aim: Maggie, wielding the +9 lance "Wyrmbane" {slay drac,
                  | rPois rF+ rC+ AC+3} and wearing +0 steam dragon scales
                  | (almost dead, mesmerising)
  4958 | D:6      | Aim: Maggie, wielding the +9 lance "Wyrmbane" {slay drac,
                  | rPois rF+ rC+ AC+3} and wearing +0 steam dragon scales
                  | (almost dead, mesmerising)
  4958 | D:6      | Killed Maggie
  4959 | D:6      | Reached skill level 14 in Fighting
  4959 | D:6      | Reached skill level 2 in Maces & Flails
  4959 | D:6      | Reached XP level 9. HP: 93/113 MP: 9/9
  5100 | D:6      | Identified the +1 mace of Affin {flame, *Rage rPois Will+++
                  | MP+9 Str-3}
  5334 | D:6      | Noticed Prince Ribbit
  5342 | D:6      | Killed Prince Ribbit
  5343 | D:6      | Reached skill level 2 in Polearms
  5625 | D:7      | You pick up a book of Armaments and begin reading...
  5625 | D:7      | You add the spells Stone Arrow, Animate Armour and
                  | Lehudib's Crystal Spear to your library.
  5636 | D:7      | Reached skill level 3 in Polearms
  5655 | D:7      | Gained mutation: You are sensitive to extremes of
                  | temperature. (rF-, rC-) [Ru sacrifice]
  5655 | D:7      | Reached * piety under Ru
  5655 | D:7      | Reached ** piety under Ru
  5775 | D:7      | Reached skill level 15 in Fighting
  5827 | D:7      | Reached skill level 4 in Polearms
  5979 | D:7      | Reached skill level 5 in Polearms
  5980 | D:7      | Noticed Jeremiah
  5986 | D:7      | Killed Jeremiah
  5987 | D:7      | Reached skill level 6 in Polearms
  6016 | D:7      | Found a glowing silver altar of Zin.
  6200 | D:7      | Reached XP level 10. HP: 124/124 MP: 10/10
  6424 | D:7      | Noticed Maurice
  6436 | D:7      | Reached skill level 7 in Polearms
  6470 | D:7      | Killed Maurice
  6486 | D:7      | Reached skill level 8 in Polearms
  6635 | D:7      | Aim: a gnoll sergeant, wielding a +1 spear of flaming,
                  | wearing a +0 scale mail and wearing a +0 buckler
                  | (moderately wounded, about 20% to evade the +9 lance
                  | "Wyrmbane")
  6635 | D:7      | Aim: a gnoll sergeant, wielding a +1 spear of flaming,
                  | wearing a +0 scale mail and wearing a +0 buckler
                  | (moderately wounded, about 20% to evade the +9 lance
                  | "Wyrmbane")
  6636 | D:7      | Aim: a gnoll sergeant, wielding a +1 spear of flaming,
                  | wearing a +0 scale mail and wearing a +0 buckler
                  | (moderately wounded, about 20% to evade the +9 lance
                  | "Wyrmbane")
  6636 | D:7      | Aim: a gnoll sergeant, wielding a +1 spear of flaming,
                  | wearing a +0 scale mail and wearing a +0 buckler
                  | (moderately wounded, about 20% to evade the +9 lance
                  | "Wyrmbane")
  6637 | D:7      | Aim: a gnoll sergeant, wielding a +1 spear of flaming,
                  | wearing a +0 scale mail and wearing a +0 buckler (almost
                  | dead, about 20% to evade the +9 lance "Wyrmbane")
  6637 | D:7      | Aim: a gnoll sergeant, wielding a +1 spear of flaming,
                  | wearing a +0 scale mail and wearing a +0 buckler (almost
                  | dead, about 20% to evade the +9 lance "Wyrmbane")
  6638 | D:7      | Aim: a gnoll, wielding a +0 spear (about 22% to evade the
                  | +9 lance "Wyrmbane")
  6638 | D:7      | Aim: a gnoll, wielding a +0 spear (about 22% to evade the
                  | +9 lance "Wyrmbane")
  6639 | D:7      | Aim: a gnoll, wielding a +0 spear (almost dead, about 22%
                  | to evade the +9 lance "Wyrmbane")
  6639 | D:7      | Aim: a gnoll, wielding a +0 spear (almost dead, about 22%
                  | to evade the +9 lance "Wyrmbane")
  7276 | D:8      | Noticed a two-headed ogre
  7276 | D:8      | Found a radiant altar of Vehumet.
  7283 | D:8      | Aim: a two-headed ogre, wielding two +0 giant clubs
                  | (moderately wounded, very poisoned, slow, about 16% to
                  | evade the +9 lance "Wyrmbane")
  7283 | D:8      | Aim: a two-headed ogre, wielding two +0 giant clubs
                  | (moderately wounded, very poisoned, slow, about 16% to
                  | evade the +9 lance "Wyrmbane")
  7284 | D:8      | Aim: a two-headed ogre, wielding two +0 giant clubs
                  | (moderately wounded, very poisoned, slow, about 16% to
                  | evade the +9 lance "Wyrmbane")
  7284 | D:8      | Aim: a two-headed ogre, wielding two +0 giant clubs
                  | (moderately wounded, very poisoned, slow, about 16% to
                  | evade the +9 lance "Wyrmbane")
  7285 | D:8      | Aim: a two-headed ogre, wielding two +0 giant clubs
                  | (moderately wounded, very poisoned, slow, about 16% to
                  | evade the +9 lance "Wyrmbane")
  7285 | D:8      | Aim: a two-headed ogre, wielding two +0 giant clubs
                  | (moderately wounded, very poisoned, slow, about 16% to
                  | evade the +9 lance "Wyrmbane")
  7286 | D:8      | Aim: a two-headed ogre, wielding two +0 giant clubs
                  | (severely wounded, very poisoned, slow, about 16% to evade
                  | the +9 lance "Wyrmbane")
  7286 | D:8      | Aim: a two-headed ogre, wielding two +0 giant clubs
                  | (severely wounded, very poisoned, slow, about 16% to evade
                  | the +9 lance "Wyrmbane")
  7286 | D:8      | Killed a two-headed ogre
  7287 | D:8      | Reached skill level 9 in Polearms
  7296 | D:8      | Gained mutation: You are hated by all. [Ru sacrifice]
  7296 | D:8      | Reached *** piety under Ru
  7388 | D:8      | You pick up a book of Debilitation and begin reading...
  7388 | D:8      | You add the spells Slow, Sigil of Binding, Vampiric
                  | Draining and Confusing Touch to your library.
  7506 | D:8      | Reached skill level 10 in Polearms
  7539 | D:8      | Found a staircase to the Lair.
  7541 | D:8      | Noticed a death yak
  7555 | D:8      | Killed a death yak
  7867 | D:9      | Noticed a kobold demonologist
  7869 | D:9      | Noticed Raspi's ghost (novice FoFi)
  7874 | D:9      | Reached skill level 11 in Polearms
  7876 | D:9      | Reached XP level 11. HP: 132/132 MP: 11/11
  7877 | D:9      | Found a runed translucent gate.
  7877 | D:9      | Found a runed translucent gate.
  7877 | D:9      | Found a runed translucent gate.
  7914 | D:9      | You pick up a book of Air and begin reading...
  7914 | D:9      | You add the spells Shock, Swiftness and Airstrike to your
                  | library.
  8016 | D:9      | Aim: an orc, wielding a +0 dagger and wearing a +0 leather
                  | armour (about 24% to evade the +9 lance "Wyrmbane")
  8016 | D:9      | Aim: an orc, wielding a +0 dagger and wearing a +0 leather
                  | armour (about 24% to evade the +9 lance "Wyrmbane")
  8017 | D:9      | Aim: an orc priest, wielding a +0 hand axe (about 24% to
                  | evade the +9 lance "Wyrmbane")
  8017 | D:9      | Aim: an orc priest, wielding a +0 hand axe (about 24% to
                  | evade the +9 lance "Wyrmbane")
  8019 | D:9      | Aim: an orc priest, wielding a +0 dagger and wearing a +0
                  | leather armour (about 24% to evade the +9 lance "Wyrmbane")
  8019 | D:9      | Aim: an orc priest, wielding a +0 dagger and wearing a +0
                  | leather armour (about 24% to evade the +9 lance "Wyrmbane")
  8020 | D:9      | Aim: an orc, wielding a +0 club and wearing a +2 leather
                  | armour of cold resistance (about 24% to evade the +9 lance
                  | "Wyrmbane")
  8020 | D:9      | Aim: an orc, wielding a +0 club and wearing a +2 leather
                  | armour of cold resistance (about 24% to evade the +9 lance
                  | "Wyrmbane")
  8021 | D:9      | Aim: an orc, wielding a +0 club and wearing a +2 leather
                  | armour of cold resistance (heavily wounded, about 24% to
                  | evade the +9 lance "Wyrmbane")
  8021 | D:9      | Aim: an orc, wielding a +0 club and wearing a +2 leather
                  | armour of cold resistance (heavily wounded, about 24% to
                  | evade the +9 lance "Wyrmbane")
  8116 | D:9      | You pick up a book of Storms and begin reading...
  8151 | D:9      | Found a staircase to the Orcish Mines.
  8177 | D:9      | Noticed a two-headed ogre
  8184 | D:9      | Killed a two-headed ogre
  8303 | D:9      | Reached skill level 12 in Polearms
  8381 | D:9      | Reached skill level 3 in Dodging
  8697 | D:10     | Entered Level 10 of the Dungeon
  8709 | D:10     | Gained mutation: You cannot be stealthy. [Ru sacrifice]
  8709 | D:10     | Reduced skill Stealth to level 0
  8709 | D:10     | Reached **** piety under Ru
  8737 | D:10     | Reached skill level 4 in Dodging
  8892 | D:10     | Reached skill level 5 in Dodging
  9064 | D:10     | Noticed a two-headed ogre
  9076 | D:10     | Killed a two-headed ogre
  9077 | D:10     | Reached skill level 6 in Dodging
  9362 | Lair:1   | Entered Level 1 of the Lair of Beasts
  9398 | Lair:1   | Noticed a five-headed hydra
  9656 | D:7      | Reached skill level 16 in Fighting
  9662 | D:7      | Killed a five-headed hydra
  9846 | Lair:1   | Reached XP level 12. HP: 144/146 MP: 12/12
  9885 | Lair:1   | Reached skill level 17 in Fighting
  9985 | Lair:1   | Identified the +1 ring mail of Past Mistakes {Int+3}
 10049 | Lair:1   | Reached skill level 18 in Fighting
 10482 | Lair:1   | Gained mutation: Your cowardice makes you less effective in
                  | combat with threatening foes. [Ru sacrifice]
 10482 | Lair:1   | Reached ***** piety under Ru
 10558 | Lair:1   | Found the +5 robe of Night {Dark Will+ SInv}
 10926 | Lair:1   | Reached skill level 19 in Fighting
 11743 | Lair:2   | Found a staircase to the Snake Pit.
 11766 | Lair:2   | You add the spells Cigotuvi's Dreadful Rot, Ignite Poison
                  | and Freezing Cloud to your library.
 11930 | Lair:2   | Noticed a skyshark
 11940 | Lair:2   | Killed a skyshark
 11941 | Lair:2   | Reached skill level 20 in Fighting
 11959 | Lair:2   | Found a staircase to the Shoals.
 12446 | Lair:3   | Reached XP level 13. HP: 142/167 MP: 13/13
 12466 | Lair:3   | Found a frozen archway.
 12552 | IceCv    | Entered an ice cave
 12569 | IceCv    | Reached skill level 21 in Fighting
 13144 | IceCv    | You pick up a book of Spectacle and begin reading...
 13144 | IceCv    | You add the spells Volatile Blastmotes, Dazzling Flash,
                  | Starburst and Maxwell's Capacitive Coupling to your
                  | library.
 13432 | IceCv    | Reached skill level 22 in Fighting
 13672 | IceCv    | Found an ancient bone altar of Kikubaaqudgha.
 14471 | Lair:3   | Gained mutation: Your magical capacity is low. (-10% MP)
                  | [Ru sacrifice]
 14672 | Lair:3   | Reached skill level 23 in Fighting
 15797 | Lair:4   | Found a staircase to the Slime Pits.
 16005 | Lair:4   | Reached skill level 24 in Fighting
 16016 | Lair:4   | Reached XP level 14. HP: 184/188 MP: 12/12
 16603 | Lair:4   | Noticed Josephine
 16618 | Lair:4   | Killed Josephine
 16789 | Lair:4   | Gained mutation: You are weak. (Str -2) [Ru sacrifice]
 16789 | Lair:4   | Reached ****** piety under Ru
 16968 | Lair:4   | Reached skill level 25 in Fighting
 17051 | Lair:5   | Entered Level 5 of the Lair of Beasts
 17245 | Lair:5   | Aim: a spriggan, wielding a +0 spear, wearing a +0 robe,
                  | wearing a +2 buckler, quivering stones and carrying a wand
                  | of polymorph (about 36% to evade the +9 lance "Wyrmbane")
 17246 | Lair:5   | Aim: a spriggan, wielding a +0 spear, wearing a +0 robe,
                  | wearing a +2 buckler, quivering stones and carrying a wand
                  | of polymorph (about 36% to evade the +9 lance "Wyrmbane")
 17246 | Lair:5   | Aim: a spriggan, wielding a +0 spear, wearing a +0 robe,
                  | wearing a +2 buckler, quivering stones and carrying a wand
                  | of polymorph (about 36% to evade the +9 lance "Wyrmbane")
 17247 | Lair:5   | Aim: a spriggan, wielding a +0 spear, wearing a +0 robe,
                  | wearing a +2 buckler, quivering stones and carrying a wand
                  | of polymorph (heavily wounded, about 36% to evade the +9
                  | lance "Wyrmbane")
 17247 | Lair:5   | Aim: a spriggan, wielding a +0 spear, wearing a +0 robe,
                  | wearing a +2 buckler, quivering stones and carrying a wand
                  | of polymorph (heavily wounded, about 36% to evade the +9
                  | lance "Wyrmbane")
 17248 | Lair:5   | Aim: a spriggan, wielding a +0 spear, wearing a +0 robe,
                  | wearing a +2 buckler, quivering stones and carrying a wand
                  | of polymorph (heavily wounded, about 36% to evade the +9
                  | lance "Wyrmbane")
 17248 | Lair:5   | Aim: a spriggan, wielding a +0 spear, wearing a +0 robe,
                  | wearing a +2 buckler, quivering stones and carrying a wand
                  | of polymorph (heavily wounded, about 36% to evade the +9
                  | lance "Wyrmbane")
 17249 | Lair:5   | Aim: a spriggan, wielding a +0 spear, wearing a +0 robe,
                  | wearing a +2 buckler, quivering stones and carrying a wand
                  | of polymorph (heavily wounded, about 36% to evade the +9
                  | lance "Wyrmbane")
 17249 | Lair:5   | Aim: a spriggan, wielding a +0 spear, wearing a +0 robe,
                  | wearing a +2 buckler, quivering stones and carrying a wand
                  | of polymorph (heavily wounded, about 36% to evade the +9
                  | lance "Wyrmbane")
 17250 | Lair:5   | Aim: a spriggan, wielding a +0 spear, wearing a +0 robe,
                  | wearing a +2 buckler, quivering stones and carrying a wand
                  | of polymorph (heavily wounded, about 36% to evade the +9
                  | lance "Wyrmbane")
 17250 | Lair:5   | Aim: a spriggan, wielding a +0 spear, wearing a +0 robe,
                  | wearing a +2 buckler, quivering stones and carrying a wand
                  | of polymorph (heavily wounded, about 36% to evade the +9
                  | lance "Wyrmbane")
 17251 | Lair:5   | Aim: a spriggan, wielding a +0 spear, wearing a +0 robe,
                  | wearing a +2 buckler, quivering stones and carrying a wand
                  | of polymorph (heavily wounded, about 36% to evade the +9
                  | lance "Wyrmbane")
 17251 | Lair:5   | Aim: a spriggan, wielding a +0 spear, wearing a +0 robe,
                  | wearing a +2 buckler, quivering stones and carrying a wand
                  | of polymorph (heavily wounded, about 36% to evade the +9
                  | lance "Wyrmbane")
 17252 | Lair:5   | Aim: a spriggan, wielding a +0 spear, wearing a +0 robe,
                  | wearing a +2 buckler, quivering stones and carrying a wand
                  | of polymorph (heavily wounded, about 36% to evade the +9
                  | lance "Wyrmbane")
 17252 | Lair:5   | Aim: a spriggan, wielding a +0 spear, wearing a +0 robe,
                  | wearing a +2 buckler, quivering stones and carrying a wand
                  | of polymorph (heavily wounded, about 36% to evade the +9
                  | lance "Wyrmbane")
 17294 | Lair:5   | Aim: a spriggan rider, wielding a +0 spear (heavily
                  | wounded, about 37% to evade the +9 lance "Wyrmbane")
 17294 | Lair:5   | Aim: a spriggan rider, wielding a +0 spear (heavily
                  | wounded, about 37% to evade the +9 lance "Wyrmbane")
 17439 | Lair:5   | You pick up a book of Transmutation and begin reading...
 17439 | Lair:5   | You add the spells Sublimation of Blood, Petrify and
                  | Irradiate to your library.
 17492 | Lair:5   | Aim: a spriggan, wielding a +0 rapier and wearing a +0 robe
                  | (about 36% to evade the +9 lance "Wyrmbane")
 17492 | Lair:5   | Aim: a spriggan, wielding a +0 rapier and wearing a +0 robe
                  | (about 36% to evade the +9 lance "Wyrmbane")
 17493 | Lair:5   | Aim: a spriggan, wielding a +0 rapier and wearing a +0 robe
                  | (moderately wounded, about 36% to evade the +9 lance
                  | "Wyrmbane")
 17493 | Lair:5   | Aim: a spriggan, wielding a +0 rapier and wearing a +0 robe
                  | (moderately wounded, about 36% to evade the +9 lance
                  | "Wyrmbane")
 17494 | Lair:5   | Aim: a spriggan, wielding a +0 rapier and wearing a +0 robe
                  | (heavily wounded, about 36% to evade the +9 lance
                  | "Wyrmbane")
 17494 | Lair:5   | Aim: a spriggan, wielding a +0 rapier and wearing a +0 robe
                  | (heavily wounded, about 36% to evade the +9 lance
                  | "Wyrmbane")
 17495 | Lair:5   | Aim: a spriggan, wielding a +0 rapier and wearing a +0 robe
                  | (almost dead, about 36% to evade the +9 lance "Wyrmbane")
 17495 | Lair:5   | Aim: a spriggan, wielding a +0 rapier and wearing a +0 robe
                  | (almost dead, about 36% to evade the +9 lance "Wyrmbane")
 17504 | Lair:5   | Aim: a spriggan, wielding a +0 short sword of draining and
                  | wearing a +0 robe (about 36% to evade the +9 lance
                  | "Wyrmbane")
 17504 | Lair:5   | Aim: a spriggan, wielding a +0 short sword of draining and
                  | wearing a +0 robe (about 36% to evade the +9 lance
                  | "Wyrmbane")
 17505 | Lair:5   | Aim: a spriggan, wielding a +0 short sword of draining and
                  | wearing a +0 robe (moderately wounded, about 36% to evade
                  | the +9 lance "Wyrmbane")
 17505 | Lair:5   | Aim: a spriggan, wielding a +0 short sword of draining and
                  | wearing a +0 robe (moderately wounded, about 36% to evade
                  | the +9 lance "Wyrmbane")
 17506 | Lair:5   | Aim: a spriggan, wielding a +0 short sword of draining and
                  | wearing a +0 robe (moderately wounded, about 36% to evade
                  | the +9 lance "Wyrmbane")
 17506 | Lair:5   | Aim: a spriggan, wielding a +0 short sword of draining and
                  | wearing a +0 robe (moderately wounded, about 36% to evade
                  | the +9 lance "Wyrmbane")
 17621 | Lair:5   | Reached skill level 26 in Fighting
 18896 | Orc:1    | Entered Level 1 of the Orcish Mines
 18946 | Orc:1    | Reached skill level 27 in Fighting
 19018 | Orc:1    | Noticed Fannar
 19030 | Orc:1    | Reached XP level 15. HP: 134/206 MP: 7/13
 19044 | Orc:1    | Killed Fannar
 19824 | Orc:2    | Entered Level 2 of the Orcish Mines
 19900 | Orc:2    | Reached skill level 7 in Dodging
 19935 | Orc:2    | Aim: an ogre, wielding a +0 giant club (about 14% to evade
                  | the +9 lance "Wyrmbane")
 19935 | Orc:2    | Aim: an ogre, wielding a +0 giant club (about 14% to evade
                  | the +9 lance "Wyrmbane")
 19936 | Orc:2    | Aim: an ogre, wielding a +0 giant club (heavily wounded,
                  | about 14% to evade the +9 lance "Wyrmbane")
 19936 | Orc:2    | Aim: an ogre, wielding a +0 giant club (heavily wounded,
                  | about 14% to evade the +9 lance "Wyrmbane")
 19937 | Orc:2    | Aim: an ogre, wielding a +0 giant club (about 14% to evade
                  | the +9 lance "Wyrmbane")
 19937 | Orc:2    | Aim: an ogre, wielding a +0 giant club (about 14% to evade
                  | the +9 lance "Wyrmbane")
 19938 | Orc:2    | Aim: an ogre, wielding a +0 giant club (moderately wounded,
                  | about 14% to evade the +9 lance "Wyrmbane")
 19938 | Orc:2    | Aim: an ogre, wielding a +0 giant club (moderately wounded,
                  | about 14% to evade the +9 lance "Wyrmbane")
 20352 | Orc:2    | Reached skill level 13 in Polearms
 20578 | Orc:2    | Found Sumin's Antique Weapon Boutique.
 20581 | Orc:2    | Found Vogar's Book Shoppe.
 20663 | Orc:2    | Reached skill level 8 in Dodging
 20787 | Orc:2    | Found a staircase to the Elven Halls.
 20805 | Orc:2    | Found Wuf Den's Antique Armour Shop.
 20810 | Orc:2    | Found Jenyaff's Antique Weapon Shop.
 21322 | D:11     | You pick up a book of Unlife and begin reading...
 21364 | D:11     | Noticed Erolcha
 21387 | D:11     | Killed Erolcha
 22269 | D:12     | Noticed Urug
 22282 | D:12     | Killed Urug
 22624 | D:12     | Found Ypherchof's Weapon Shop.
 22769 | D:12     | Noticed Nessos
 22770 | D:12     | Nessos changed into Nessos the manticore
 22770 | D:12     | Noticed Nessos
 22792 | D:12     | Killed Nessos the manticore
 22950 | D:12     | You fall into a shaft and drop 2 floors!
 23023 | D:14     | Reached skill level 9 in Dodging
 23134 | D:14     | Reached skill level 14 in Polearms
 23960 | D:14     | Reached XP level 16. HP: 217/217 MP: 14/14
 24234 | D:13     | Found a gate to the Vaults.
 24256 | D:13     | Reached skill level 10 in Dodging
 24997 | D:13     | Aim: a rakshasa, wielding a +0 trident and wearing a +0
                  | ring mail (severely wounded, about 26% to evade the +9
                  | lance "Wyrmbane")
 24997 | D:13     | Aim: a rakshasa, wielding a +0 trident and wearing a +0
                  | ring mail (severely wounded, about 26% to evade the +9
                  | lance "Wyrmbane")
 24998 | D:13     | Aim: a rakshasa, wielding a +0 trident and wearing a +0
                  | ring mail (severely wounded, about 26% to evade the +9
                  | lance "Wyrmbane")
 24998 | D:13     | Aim: a rakshasa, wielding a +0 trident and wearing a +0
                  | ring mail (severely wounded, about 26% to evade the +9
                  | lance "Wyrmbane")
 24999 | D:13     | Aim: a rakshasa, wielding a +0 trident and wearing a +0
                  | ring mail (almost dead, about 26% to evade the +9 lance
                  | "Wyrmbane")
 24999 | D:13     | Aim: a rakshasa, wielding a +0 trident and wearing a +0
                  | ring mail (almost dead, about 26% to evade the +9 lance
                  | "Wyrmbane")
 25000 | D:13     | Aim: a rakshasa, wielding a +0 trident and wearing a +0
                  | ring mail (almost dead, about 26% to evade the +9 lance
                  | "Wyrmbane")
 25000 | D:13     | Aim: a rakshasa, wielding a +0 trident and wearing a +0
                  | ring mail (almost dead, about 26% to evade the +9 lance
                  | "Wyrmbane")
 25001 | D:13     | Aim: a rakshasa, wielding a +0 trident and wearing a +0
                  | ring mail (heavily wounded, about 26% to evade the +9 lance
                  | "Wyrmbane")
 25001 | D:13     | Aim: a rakshasa, wielding a +0 trident and wearing a +0
                  | ring mail (heavily wounded, about 26% to evade the +9 lance
                  | "Wyrmbane")
 25002 | D:13     | Aim: a rakshasa, wielding a +0 trident and wearing a +0
                  | ring mail (severely wounded, about 26% to evade the +9
                  | lance "Wyrmbane")
 25002 | D:13     | Aim: a rakshasa, wielding a +0 trident and wearing a +0
                  | ring mail (severely wounded, about 26% to evade the +9
                  | lance "Wyrmbane")
 25003 | D:13     | Aim: a rakshasa, wielding a +0 trident and wearing a +0
                  | ring mail (almost dead, about 26% to evade the +9 lance
                  | "Wyrmbane")
 25003 | D:13     | Aim: a rakshasa, wielding a +0 trident and wearing a +0
                  | ring mail (almost dead, about 26% to evade the +9 lance
                  | "Wyrmbane")
 25004 | D:13     | Aim: a rakshasa, wielding a +0 trident and wearing a +0
                  | ring mail (almost dead, about 26% to evade the +9 lance
                  | "Wyrmbane")
 25004 | D:13     | Aim: a rakshasa, wielding a +0 trident and wearing a +0
                  | ring mail (almost dead, about 26% to evade the +9 lance
                  | "Wyrmbane")
 25005 | D:13     | Aim: a rakshasa, wielding a +0 trident and wearing a +0
                  | ring mail (almost dead, about 26% to evade the +9 lance
                  | "Wyrmbane")
 25005 | D:13     | Aim: a rakshasa, wielding a +0 trident and wearing a +0
                  | ring mail (almost dead, about 26% to evade the +9 lance
                  | "Wyrmbane")
 25006 | D:13     | Aim: a rakshasa, wielding a +0 trident and wearing a +0
                  | ring mail (almost dead, about 26% to evade the +9 lance
                  | "Wyrmbane")
 25006 | D:13     | Aim: a rakshasa, wielding a +0 trident and wearing a +0
                  | ring mail (almost dead, about 26% to evade the +9 lance
                  | "Wyrmbane")
 25007 | D:13     | Aim: a rakshasa, wielding a +0 trident and wearing a +0
                  | ring mail (almost dead, about 26% to evade the +9 lance
                  | "Wyrmbane")
 25007 | D:13     | Aim: a rakshasa, wielding a +0 trident and wearing a +0
                  | ring mail (almost dead, about 26% to evade the +9 lance
                  | "Wyrmbane")
 25142 | D:13     | Aim: an occultist, wielding a +0 dagger and wearing a +0
                  | robe (about 26% to evade the +9 lance "Wyrmbane")
 25142 | D:13     | Aim: an occultist, wielding a +0 dagger and wearing a +0
                  | robe (about 26% to evade the +9 lance "Wyrmbane")
 25143 | D:13     | Aim: an occultist, wielding a +0 dagger and wearing a +0
                  | robe (lightly wounded, about 26% to evade the +9 lance
                  | "Wyrmbane")
 25143 | D:13     | Aim: an occultist, wielding a +0 dagger and wearing a +0
                  | robe (lightly wounded, about 26% to evade the +9 lance
                  | "Wyrmbane")
 25144 | D:13     | Aim: an occultist, wielding a +0 dagger and wearing a +0
                  | robe (moderately wounded, about 26% to evade the +9 lance
                  | "Wyrmbane")
 25144 | D:13     | Aim: an occultist, wielding a +0 dagger and wearing a +0
                  | robe (moderately wounded, about 26% to evade the +9 lance
                  | "Wyrmbane")
 25145 | D:13     | Aim: an occultist, wielding a +0 dagger and wearing a +0
                  | robe (lightly wounded, about 26% to evade the +9 lance
                  | "Wyrmbane")
 25145 | D:13     | Aim: an occultist, wielding a +0 dagger and wearing a +0
                  | robe (lightly wounded, about 26% to evade the +9 lance
                  | "Wyrmbane")
 25146 | D:13     | Aim: an occultist, wielding a +0 dagger and wearing a +0
                  | robe (lightly wounded, about 26% to evade the +9 lance
                  | "Wyrmbane")
 25146 | D:13     | Aim: an occultist, wielding a +0 dagger and wearing a +0
                  | robe (lightly wounded, about 26% to evade the +9 lance
                  | "Wyrmbane")
 25147 | D:13     | Aim: an occultist, wielding a +0 dagger and wearing a +0
                  | robe (heavily wounded, about 27% to evade the +9 lance
                  | "Wyrmbane")
 25147 | D:13     | Aim: an occultist, wielding a +0 dagger and wearing a +0
                  | robe (heavily wounded, about 27% to evade the +9 lance
                  | "Wyrmbane")
 25148 | D:13     | Aim: an occultist, wielding a +0 dagger and wearing a +0
                  | robe (heavily wounded, about 27% to evade the +9 lance
                  | "Wyrmbane")
 25148 | D:13     | Aim: an occultist, wielding a +0 dagger and wearing a +0
                  | robe (heavily wounded, about 27% to evade the +9 lance
                  | "Wyrmbane")
 25150 | D:13     | Aim: an occultist, wielding a +0 dagger and wearing a +0
                  | robe (severely wounded, about 26% to evade the +9 lance
                  | "Wyrmbane")
 25150 | D:13     | Aim: an occultist, wielding a +0 dagger and wearing a +0
                  | robe (severely wounded, about 26% to evade the +9 lance
                  | "Wyrmbane")
 25151 | D:13     | Aim: an occultist, wielding a +0 dagger and wearing a +0
                  | robe (severely wounded, about 26% to evade the +9 lance
                  | "Wyrmbane")
 25151 | D:13     | Aim: an occultist, wielding a +0 dagger and wearing a +0
                  | robe (severely wounded, about 26% to evade the +9 lance
                  | "Wyrmbane")
 25152 | D:13     | Reached skill level 15 in Polearms
 25156 | D:13     | Aim: an occultist, wielding a +0 dagger and wearing a +0
                  | robe (about 26% to evade the +9 lance "Wyrmbane")
 25156 | D:13     | Aim: an occultist, wielding a +0 dagger and wearing a +0
                  | robe (about 26% to evade the +9 lance "Wyrmbane")
 25157 | D:13     | Aim: an occultist, wielding a +0 dagger and wearing a +0
                  | robe (about 26% to evade the +9 lance "Wyrmbane")
 25157 | D:13     | Aim: an occultist, wielding a +0 dagger and wearing a +0
                  | robe (about 26% to evade the +9 lance "Wyrmbane")
 25158 | D:13     | Aim: an occultist, wielding a +0 dagger and wearing a +0
                  | robe (moderately wounded, about 26% to evade the +9 lance
                  | "Wyrmbane")
 25158 | D:13     | Aim: an occultist, wielding a +0 dagger and wearing a +0
                  | robe (moderately wounded, about 26% to evade the +9 lance
                  | "Wyrmbane")
 25159 | D:13     | Aim: an occultist, wielding a +0 dagger and wearing a +0
                  | robe (severely wounded, about 26% to evade the +9 lance
                  | "Wyrmbane")
 25159 | D:13     | Aim: an occultist, wielding a +0 dagger and wearing a +0
                  | robe (severely wounded, about 26% to evade the +9 lance
                  | "Wyrmbane")
 25815 | D:14     | Reached skill level 11 in Dodging
 26021 | D:15     | Entered Level 15 of the Dungeon
 26311 | D:15     | Reached skill level 1 in Shields
 26464 | D:15     | Reached skill level 2 in Shields
 26475 | D:15     | Aim: a death knight, wielding a +0 broad axe and wearing a
                  | +0 chain mail (heavily wounded, reflecting injuries, blind,
                  | unable to see you, about 21% to evade the +9 lance
                  | "Wyrmbane")
 26475 | D:15     | Aim: a death knight, wielding a +0 broad axe and wearing a
                  | +0 chain mail (heavily wounded, reflecting injuries, blind,
                  | unable to see you, about 21% to evade the +9 lance
                  | "Wyrmbane")
 26476 | D:15     | Aim: a death knight, wielding a +0 broad axe and wearing a
                  | +0 chain mail (heavily wounded, reflecting injuries, blind,
                  | unable to see you, about 21% to evade the +9 lance
                  | "Wyrmbane")
 26476 | D:15     | Aim: a death knight, wielding a +0 broad axe and wearing a
                  | +0 chain mail (heavily wounded, reflecting injuries, blind,
                  | unable to see you, about 21% to evade the +9 lance
                  | "Wyrmbane")
 26477 | D:15     | Aim: a death knight, wielding a +0 broad axe and wearing a
                  | +0 chain mail (severely wounded, reflecting injuries,
                  | blind, unable to see you, about 21% to evade the +9 lance
                  | "Wyrmbane")
 26477 | D:15     | Aim: a death knight, wielding a +0 broad axe and wearing a
                  | +0 chain mail (severely wounded, reflecting injuries,
                  | blind, unable to see you, about 21% to evade the +9 lance
                  | "Wyrmbane")
 26478 | D:15     | Aim: a death knight, wielding a +0 broad axe and wearing a
                  | +0 chain mail (almost dead, reflecting injuries, blind,
                  | unable to see you, about 21% to evade the +9 lance
                  | "Wyrmbane")
 26478 | D:15     | Aim: a death knight, wielding a +0 broad axe and wearing a
                  | +0 chain mail (almost dead, reflecting injuries, blind,
                  | unable to see you, about 21% to evade the +9 lance
                  | "Wyrmbane")
 26721 | D:15     | Reached skill level 3 in Shields
 26768 | D:15     | You pick up a book of Debilitation and begin reading...
 26837 | D:15     | Reached skill level 4 in Shields
 27127 | D:15     | Reached skill level 5 in Shields
 27692 | D:15     | Identified the +4 hand axe of Exquisite Death {heavy, rN+
                  | Will++}
 27864 | D:15     | Found a staircase to the Depths.
 27885 | D:15     | Noticed a tengu reaver
 27904 | D:15     | Killed a tengu reaver
 27905 | D:15     | Reached skill level 6 in Shields
 28594 | Snake:1  | Entered Level 1 of the Snake Pit
 28700 | Snake:1  | Reached skill level 7 in Shields
 28819 | Snake:1  | You fall into a shaft and drop 1 floor!
 29066 | Snake:2  | Reached XP level 17. HP: 208/209 MP: 15/15
 29087 | Snake:2  | Reached skill level 8 in Shields
 29628 | Snake:2  | Reached skill level 9 in Shields
 30531 | Snake:1  | Found Qiduqeopp's Jewellery Shoppe.
 30532 | Snake:1  | Found Cyra's Book Shop.
 30532 | Snake:1  | Found Quecoy's Jewellery Shoppe.
 30849 | Snake:2  | Noticed Frances
 30895 | Snake:2  | Killed Frances
 31061 | Snake:2  | Reached skill level 10 in Shields
 31300 | Snake:2  | Found Ucinotty's Book Shoppe.
 31824 | Snake:2  | magus.rc [v1.9.6]
 32010 | Snake:3  | Aim: a naga warrior, wielding a +0 battleaxe (concentrated
                  | venom, about 21% to evade the +9 lance "Wyrmbane")
 32010 | Snake:3  | Aim: a naga warrior, wielding a +0 battleaxe (concentrated
                  | venom, about 21% to evade the +9 lance "Wyrmbane")
 32011 | Snake:3  | Aim: a naga warrior, wielding a +0 battleaxe (moderately
                  | wounded, concentrated venom, about 21% to evade the +9
                  | lance "Wyrmbane")
 32011 | Snake:3  | Aim: a naga warrior, wielding a +0 battleaxe (moderately
                  | wounded, concentrated venom, about 21% to evade the +9
                  | lance "Wyrmbane")
 32012 | Snake:3  | Aim: a naga warrior, wielding a +0 battleaxe (moderately
                  | wounded, concentrated venom, about 21% to evade the +9
                  | lance "Wyrmbane")
 32012 | Snake:3  | Aim: a naga warrior, wielding a +0 battleaxe (moderately
                  | wounded, concentrated venom, about 21% to evade the +9
                  | lance "Wyrmbane")
 32013 | Snake:3  | Aim: a naga warrior, wielding a +0 battleaxe (moderately
                  | wounded, concentrated venom, about 21% to evade the +9
                  | lance "Wyrmbane")
 32013 | Snake:3  | Aim: a naga warrior, wielding a +0 battleaxe (moderately
                  | wounded, concentrated venom, about 21% to evade the +9
                  | lance "Wyrmbane")
 32014 | Snake:3  | Aim: a naga warrior, wielding a +0 battleaxe (severely
                  | wounded, concentrated venom, about 21% to evade the +9
                  | lance "Wyrmbane")
 32014 | Snake:3  | Aim: a naga warrior, wielding a +0 battleaxe (severely
                  | wounded, concentrated venom, about 21% to evade the +9
                  | lance "Wyrmbane")
 32015 | Snake:3  | Aim: a naga warrior, wielding a +0 battleaxe (severely
                  | wounded, concentrated venom, about 21% to evade the +9
                  | lance "Wyrmbane")
 32015 | Snake:3  | Aim: a naga warrior, wielding a +0 battleaxe (severely
                  | wounded, concentrated venom, about 21% to evade the +9
                  | lance "Wyrmbane")
 32016 | Snake:3  | Aim: a naga warrior, wielding a +0 battleaxe (almost dead,
                  | concentrated venom, about 21% to evade the +9 lance
                  | "Wyrmbane")
 32016 | Snake:3  | Aim: a naga warrior, wielding a +0 battleaxe (almost dead,
                  | concentrated venom, about 21% to evade the +9 lance
                  | "Wyrmbane")
 32017 | Snake:3  | Aim: a naga warrior, wielding a +0 battleaxe (almost dead,
                  | constricting you, concentrated venom, about 21% to evade
                  | the +9 lance "Wyrmbane")
 32017 | Snake:3  | Aim: a naga warrior, wielding a +0 battleaxe (almost dead,
                  | constricting you, concentrated venom, about 21% to evade
                  | the +9 lance "Wyrmbane")
 32018 | Snake:3  | Aim: a naga mage, wielding a +0 spear (lightly wounded,
                  | fast, strong, catching its breath, about 21% to evade the
                  | +9 lance "Wyrmbane")
 32018 | Snake:3  | Aim: a naga mage, wielding a +0 spear (lightly wounded,
                  | fast, strong, catching its breath, about 21% to evade the
                  | +9 lance "Wyrmbane")
 32019 | Snake:3  | Aim: a naga mage, wielding a +0 spear (lightly wounded,
                  | fast, strong, slow, catching its breath, about 21% to evade
                  | the +9 lance "Wyrmbane")
 32019 | Snake:3  | Aim: a naga mage, wielding a +0 spear (lightly wounded,
                  | fast, strong, slow, catching its breath, about 21% to evade
                  | the +9 lance "Wyrmbane")
 32020 | Snake:3  | Aim: a naga mage, wielding a +0 spear (lightly wounded,
                  | fast, strong, slow, catching its breath, about 21% to evade
                  | the +9 lance "Wyrmbane")
 32020 | Snake:3  | Aim: a naga mage, wielding a +0 spear (lightly wounded,
                  | fast, strong, slow, catching its breath, about 21% to evade
                  | the +9 lance "Wyrmbane")
 32021 | Snake:3  | Aim: a naga mage, wielding a +0 spear (moderately wounded,
                  | fast, strong, slow, catching its breath, about 21% to evade
                  | the +9 lance "Wyrmbane")
 32021 | Snake:3  | Aim: a naga mage, wielding a +0 spear (moderately wounded,
                  | fast, strong, slow, catching its breath, about 21% to evade
                  | the +9 lance "Wyrmbane")
 32022 | Snake:3  | Aim: a naga mage, wielding a +0 spear (severely wounded,
                  | fast, strong, slow, catching its breath, about 21% to evade
                  | the +9 lance "Wyrmbane")
 32022 | Snake:3  | Aim: a naga mage, wielding a +0 spear (severely wounded,
                  | fast, strong, slow, catching its breath, about 21% to evade
                  | the +9 lance "Wyrmbane")
 32023 | Snake:3  | Aim: a naga mage, wielding a +0 spear (severely wounded,
                  | fast, strong, slow, catching its breath, about 21% to evade
                  | the +9 lance "Wyrmbane")
 32023 | Snake:3  | Aim: a naga mage, wielding a +0 spear (severely wounded,
                  | fast, strong, slow, catching its breath, about 21% to evade
                  | the +9 lance "Wyrmbane")
 32024 | Snake:3  | Aim: a naga mage, wielding a +0 spear (almost dead, fast,
                  | strong, slow, about 21% to evade the +9 lance "Wyrmbane")
 32024 | Snake:3  | Aim: a naga mage, wielding a +0 spear (almost dead, fast,
                  | strong, slow, about 21% to evade the +9 lance "Wyrmbane")
 32266 | Snake:3  | Found Duomenoz's Armour Shop.
 32480 | Snake:3  | Reached skill level 11 in Shields
 32556 | Snake:3  | You add the spells Gell's Gravitas, Teleport Other and
                  | Dispersal to your library.
 32568 | Snake:3  | Identified the +5 long sword of Desag {venom, Fly Int+2}
 33101 | Snake:4  | Entered Level 4 of the Snake Pit
 33539 | Snake:4  | Noticed Vashnia
 33549 | Snake:4  | Aim: Vashnia, wielding a +3 battleaxe of draining and
                  | wearing a +2 barding of flying (heavily wounded, blind,
                  | unable to see you, magic disrupted, about 35% to evade the
                  | +9 lance "Wyrmbane")
 33549 | Snake:4  | Aim: Vashnia, wielding a +3 battleaxe of draining and
                  | wearing a +2 barding of flying (heavily wounded, blind,
                  | unable to see you, magic disrupted, about 35% to evade the
                  | +9 lance "Wyrmbane")
 33549 | Snake:4  | Aim: a naga sharpshooter, wielding a +0 flail (almost dead,
                  | paralysed, blind, unable to see you, poisoned, about 2% to
                  | evade the +9 lance "Wyrmbane")
 33550 | Snake:4  | Aim: Vashnia, wielding a +3 battleaxe of draining and
                  | wearing a +2 barding of flying (heavily wounded, blind,
                  | unable to see you, magic disrupted, about 34% to evade the
                  | +9 lance "Wyrmbane")
 33550 | Snake:4  | Aim: Vashnia, wielding a +3 battleaxe of draining and
                  | wearing a +2 barding of flying (heavily wounded, blind,
                  | unable to see you, magic disrupted, about 34% to evade the
                  | +9 lance "Wyrmbane")
 33555 | Snake:4  | Aim: Vashnia, wielding a +0 longbow and wearing a +2
                  | barding of flying (heavily wounded, magic disrupted, about
                  | 34% to evade the +9 lance "Wyrmbane")
 33555 | Snake:4  | Aim: Vashnia, wielding a +0 longbow and wearing a +2
                  | barding of flying (heavily wounded, magic disrupted, about
                  | 34% to evade the +9 lance "Wyrmbane")
 33556 | Snake:4  | Aim: Vashnia, wielding a +0 longbow and wearing a +2
                  | barding of flying (heavily wounded, magic disrupted, about
                  | 34% to evade the +9 lance "Wyrmbane")
 33556 | Snake:4  | Aim: Vashnia, wielding a +0 longbow and wearing a +2
                  | barding of flying (heavily wounded, magic disrupted, about
                  | 34% to evade the +9 lance "Wyrmbane")
 33557 | Snake:4  | Aim: Vashnia, wielding a +0 longbow and wearing a +2
                  | barding of flying (heavily wounded, magic disrupted, about
                  | 34% to evade the +9 lance "Wyrmbane")
 33557 | Snake:4  | Aim: Vashnia, wielding a +0 longbow and wearing a +2
                  | barding of flying (heavily wounded, magic disrupted, about
                  | 34% to evade the +9 lance "Wyrmbane")
 33558 | Snake:4  | Aim: Vashnia, wielding a +0 longbow and wearing a +2
                  | barding of flying (heavily wounded, catching her breath,
                  | magic disrupted, about 34% to evade the +9 lance
                  | "Wyrmbane")
 33558 | Snake:4  | Aim: Vashnia, wielding a +0 longbow and wearing a +2
                  | barding of flying (heavily wounded, catching her breath,
                  | magic disrupted, about 34% to evade the +9 lance
                  | "Wyrmbane")
 33559 | Snake:4  | Aim: Vashnia, wielding a +0 longbow and wearing a +2
                  | barding of flying (heavily wounded, catching her breath,
                  | magic disrupted, about 34% to evade the +9 lance
                  | "Wyrmbane")
 33559 | Snake:4  | Aim: Vashnia, wielding a +0 longbow and wearing a +2
                  | barding of flying (heavily wounded, catching her breath,
                  | magic disrupted, about 34% to evade the +9 lance
                  | "Wyrmbane")
 33568 | Snake:4  | Killed Vashnia
 34033 | Snake:4  | Reached skill level 12 in Shields
 34459 | Snake:4  | Identified the serpent talisman "Piho" {+Blink Str+4}
 34459 | Snake:4  | Noticed Aizul
 34488 | Snake:4  | Killed Aizul
 34776 | Snake:4  | Noticed Agnes
 34799 | Snake:4  | Killed Agnes
 35575 | Snake:4  | Reached skill level 13 in Shields
 35760 | Snake:4  | Identified the blade talisman "Eczapp" {rF- Will+ Dex+4}
 35781 | Snake:4  | Reached XP level 18. HP: 204/220 MP: 6/16
 36381 | Snake:4  | Reached skill level 14 in Shields
 36927 | Snake:4  | Reached skill level 12 in Dodging
 36953 | Snake:4  | Reached skill level 1 in Armour
 37212 | Snake:4  | Reached skill level 2 in Armour
 37283 | Snake:4  | Got a serpentine rune of Zot
 37475 | Shoals:1 | Entered Level 1 of the Shoals
 37655 | Shoals:1 | Reached skill level 3 in Armour
 38167 | Shoals:1 | Reached skill level 4 in Armour
 38457 | Shoals:1 | Reached skill level 3 in Evocations
 38902 | Shoals:2 | Reached skill level 4 in Evocations
 38912 | Shoals:2 | Aim: a merfolk javelineer, wielding a +0 spear, wearing a
                  | +0 leather armour and quivering silver javelins (almost
                  | dead, blind, unable to see you, softly glowing, about 16%
                  | to evade the +9 lance "Wyrmbane")
 38912 | Shoals:2 | Aim: a merfolk javelineer, wielding a +0 spear, wearing a
                  | +0 leather armour and quivering silver javelins (almost
                  | dead, blind, unable to see you, softly glowing, about 16%
                  | to evade the +9 lance "Wyrmbane")
 38912 | Shoals:2 | Aim: a merfolk javelineer, wielding a +0 spear, wearing a
                  | +0 leather armour and quivering silver javelins (almost
                  | dead, blind, unable to see you, softly glowing, about 16%
                  | to evade the +9 lance "Wyrmbane")
 38913 | Shoals:2 | Aim: a merfolk javelineer, wielding a +0 spear, wearing a
                  | +0 leather armour and quivering silver javelins (almost
                  | dead, blind, unable to see you, softly glowing, about 16%
                  | to evade the +9 lance "Wyrmbane")
 38913 | Shoals:2 | Aim: a merfolk javelineer, wielding a +0 spear, wearing a
                  | +0 leather armour and quivering silver javelins (almost
                  | dead, blind, unable to see you, softly glowing, about 16%
                  | to evade the +9 lance "Wyrmbane")
 39305 | Shoals:2 | Reached skill level 5 in Evocations
 39640 | Shoals:2 | Aim: a merfolk impaler, wielding a +0 trident of protection
                  | and wearing a +0 robe (lightly wounded, about 35% to evade
                  | the +9 lance "Wyrmbane")
 39640 | Shoals:2 | Aim: a merfolk impaler, wielding a +0 trident of protection
                  | and wearing a +0 robe (lightly wounded, about 35% to evade
                  | the +9 lance "Wyrmbane")
 39641 | Shoals:2 | Aim: a merfolk impaler, wielding a +0 trident of protection
                  | and wearing a +0 robe (moderately wounded, about 35% to
                  | evade the +9 lance "Wyrmbane")
 39641 | Shoals:2 | Aim: a merfolk impaler, wielding a +0 trident of protection
                  | and wearing a +0 robe (moderately wounded, about 35% to
                  | evade the +9 lance "Wyrmbane")
 39642 | Shoals:2 | Aim: a merfolk impaler, wielding a +0 trident of protection
                  | and wearing a +0 robe (heavily wounded, about 35% to evade
                  | the +9 lance "Wyrmbane")
 39642 | Shoals:2 | Aim: a merfolk impaler, wielding a +0 trident of protection
                  | and wearing a +0 robe (heavily wounded, about 35% to evade
                  | the +9 lance "Wyrmbane")
 39643 | Shoals:2 | Aim: a merfolk impaler, wielding a +0 trident of protection
                  | and wearing a +0 robe (heavily wounded, about 35% to evade
                  | the +9 lance "Wyrmbane")
 39643 | Shoals:2 | Aim: a merfolk impaler, wielding a +0 trident of protection
                  | and wearing a +0 robe (heavily wounded, about 35% to evade
                  | the +9 lance "Wyrmbane")
 39644 | Shoals:2 | Aim: a merfolk impaler, wielding a +0 trident of protection
                  | and wearing a +0 robe (heavily wounded, about 35% to evade
                  | the +9 lance "Wyrmbane")
 39644 | Shoals:2 | Aim: a merfolk impaler, wielding a +0 trident of protection
                  | and wearing a +0 robe (heavily wounded, about 35% to evade
                  | the +9 lance "Wyrmbane")
 39645 | Shoals:2 | Aim: a merfolk impaler, wielding a +0 trident of protection
                  | and wearing a +0 robe (severely wounded, about 35% to evade
                  | the +9 lance "Wyrmbane")
 39645 | Shoals:2 | Aim: a merfolk impaler, wielding a +0 trident of protection
                  | and wearing a +0 robe (severely wounded, about 35% to evade
                  | the +9 lance "Wyrmbane")
 39646 | Shoals:2 | Aim: a merfolk impaler, wielding a +0 trident of protection
                  | and wearing a +0 robe (almost dead, about 35% to evade the
                  | +9 lance "Wyrmbane")
 39646 | Shoals:2 | Aim: a merfolk impaler, wielding a +0 trident of protection
                  | and wearing a +0 robe (almost dead, about 35% to evade the
                  | +9 lance "Wyrmbane")
 39648 | Shoals:2 | Reached skill level 6 in Evocations
 39933 | Shoals:2 | Found Xyaxonet's Distillery.
 39935 | Shoals:2 | Bought a potion of enlightenment for 95 gold pieces
 39935 | Shoals:2 | Bought a potion of might for 76 gold pieces
 40481 | Shoals:3 | You pick up a book of Flames and begin reading...
 40481 | Shoals:3 | You add the spells Inner Flame and Sticky Flame to your
                  | library.
 40502 | Shoals:3 | Found Yteproyl's Weapon Shoppe.
 41126 | Shoals:4 | Entered Level 4 of the Shoals
 41173 | Shoals:4 | You pick up a book of Party Tricks and begin reading...
 41173 | Shoals:4 | You add the spells Apportation, Jinxbite and Alistair's
                  | Intoxication to your library.
 41286 | Shoals:4 | Reached skill level 7 in Evocations
 41371 | Shoals:4 | Reached XP level 19. HP: 123/244 MP: 10/17
 41372 | Shoals:4 | Aim: a merfolk javelineer, wielding a +0 spear, wearing a
                  | +0 leather armour and quivering javelins (severely wounded,
                  | not watching you, about 24% to evade the +9 lance
                  | "Wyrmbane")
 41372 | Shoals:4 | Aim: a merfolk javelineer, wielding a +0 spear, wearing a
                  | +0 leather armour and quivering javelins (severely wounded,
                  | not watching you, about 24% to evade the +9 lance
                  | "Wyrmbane")
 41385 | Shoals:4 | Aim: a faun, wielding a +0 sling (about 21% to evade the +9
                  | lance "Wyrmbane")
 41385 | Shoals:4 | Aim: a faun, wielding a +0 sling (about 21% to evade the +9
                  | lance "Wyrmbane")
 41386 | Shoals:4 | Aim: a faun, wielding a +0 sling (lightly wounded, about
                  | 21% to evade the +9 lance "Wyrmbane")
 41386 | Shoals:4 | Aim: a faun, wielding a +0 sling (lightly wounded, about
                  | 21% to evade the +9 lance "Wyrmbane")
 41387 | Shoals:4 | Aim: a faun, wielding a +0 sling (lightly wounded, about
                  | 21% to evade the +9 lance "Wyrmbane")
 41387 | Shoals:4 | Aim: a faun, wielding a +0 sling (lightly wounded, about
                  | 21% to evade the +9 lance "Wyrmbane")
 41388 | Shoals:4 | Aim: a faun, wielding a +0 sling (lightly wounded, about
                  | 21% to evade the +9 lance "Wyrmbane")
 41388 | Shoals:4 | Aim: a faun, wielding a +0 sling (lightly wounded, about
                  | 21% to evade the +9 lance "Wyrmbane")
 41389 | Shoals:4 | Aim: a faun, wielding a +0 sling (moderately wounded, about
                  | 21% to evade the +9 lance "Wyrmbane")
 41389 | Shoals:4 | Aim: a faun, wielding a +0 sling (moderately wounded, about
                  | 21% to evade the +9 lance "Wyrmbane")
 41390 | Shoals:4 | Aim: a faun, wielding a +0 sling (moderately wounded, about
                  | 21% to evade the +9 lance "Wyrmbane")
 41390 | Shoals:4 | Aim: a faun, wielding a +0 sling (moderately wounded, about
                  | 21% to evade the +9 lance "Wyrmbane")
 41609 | Shoals:4 | Noticed Louise
 41635 | Shoals:4 | Killed Louise
 42096 | Shoals:4 | Reached skill level 8 in Evocations
 42145 | Shoals:4 | Aim: a faun, wielding a +0 sling (about 21% to evade the +9
                  | lance "Wyrmbane")
 42145 | Shoals:4 | Aim: a faun, wielding a +0 sling (about 21% to evade the +9
                  | lance "Wyrmbane")
 42146 | Shoals:4 | Aim: a faun, wielding a +0 sling (moderately wounded, about
                  | 21% to evade the +9 lance "Wyrmbane")
 42146 | Shoals:4 | Aim: a faun, wielding a +0 sling (moderately wounded, about
                  | 21% to evade the +9 lance "Wyrmbane")
 42147 | Shoals:4 | Aim: a faun, wielding a +0 sling (severely wounded, about
                  | 21% to evade the +9 lance "Wyrmbane")
 42147 | Shoals:4 | Aim: a faun, wielding a +0 sling (severely wounded, about
                  | 21% to evade the +9 lance "Wyrmbane")
 42148 | Shoals:4 | Aim: a faun, wielding a +0 sling (almost dead, about 21% to
                  | evade the +9 lance "Wyrmbane")
 42148 | Shoals:4 | Aim: a faun, wielding a +0 sling (almost dead, about 21% to
                  | evade the +9 lance "Wyrmbane")
 42149 | Shoals:4 | Aim: a faun, wielding a +0 quarterstaff (almost dead, about
                  | 21% to evade the +9 lance "Wyrmbane")
 42149 | Shoals:4 | Aim: a faun, wielding a +0 quarterstaff (almost dead, about
                  | 21% to evade the +9 lance "Wyrmbane")
 42346 | Shoals:4 | Aim: a merfolk, wielding a +0 trident and quivering
                  | boomerangs (about 24% to evade the +9 lance "Wyrmbane")
 42346 | Shoals:4 | Aim: a merfolk, wielding a +0 trident and quivering
                  | boomerangs (about 24% to evade the +9 lance "Wyrmbane")
 42347 | Shoals:4 | Aim: a merfolk, wielding a +0 trident and quivering
                  | boomerangs (moderately wounded, blind, unable to see you,
                  | about 24% to evade the +9 lance "Wyrmbane")
 42347 | Shoals:4 | Aim: a merfolk, wielding a +0 trident and quivering
                  | boomerangs (moderately wounded, blind, unable to see you,
                  | about 24% to evade the +9 lance "Wyrmbane")
 42348 | Shoals:4 | Aim: a merfolk, wielding a +0 trident and quivering
                  | boomerangs (severely wounded, blind, unable to see you,
                  | about 24% to evade the +9 lance "Wyrmbane")
 42348 | Shoals:4 | Aim: a merfolk, wielding a +0 trident and quivering
                  | boomerangs (severely wounded, blind, unable to see you,
                  | about 24% to evade the +9 lance "Wyrmbane")
 42350 | Shoals:4 | Aim: a merfolk, wielding a +0 trident and quivering
                  | boomerangs (severely wounded, blind, unable to see you,
                  | about 24% to evade the +9 lance "Wyrmbane")
 42350 | Shoals:4 | Aim: a merfolk, wielding a +0 trident and quivering
                  | boomerangs (severely wounded, blind, unable to see you,
                  | about 24% to evade the +9 lance "Wyrmbane")
 42352 | Shoals:4 | Aim: a merfolk, wielding a +0 trident and quivering
                  | boomerangs (severely wounded, blind, unable to see you,
                  | about 24% to evade the +9 lance "Wyrmbane")
 42352 | Shoals:4 | Aim: a merfolk, wielding a +0 trident and quivering
                  | boomerangs (severely wounded, blind, unable to see you,
                  | about 24% to evade the +9 lance "Wyrmbane")
 42353 | Shoals:4 | Aim: a merfolk, wielding a +0 trident and quivering
                  | boomerangs (almost dead, blind, unable to see you, about
                  | 24% to evade the +9 lance "Wyrmbane")
 42353 | Shoals:4 | Aim: a merfolk, wielding a +0 trident and quivering
                  | boomerangs (almost dead, blind, unable to see you, about
                  | 24% to evade the +9 lance "Wyrmbane")
 42355 | Shoals:4 | Aim: a merfolk, wielding a +0 trident and quivering
                  | boomerangs (almost dead, blind, unable to see you, about
                  | 24% to evade the +9 lance "Wyrmbane")
 42355 | Shoals:4 | Aim: a merfolk, wielding a +0 trident and quivering
                  | boomerangs (almost dead, blind, unable to see you, about
                  | 24% to evade the +9 lance "Wyrmbane")
 42924 | Shoals:4 | Reached skill level 15 in Shields
 43202 | Shoals:4 | Found Yrudac's Magic Scroll Shop.
 43208 | Shoals:4 | Bought a scroll of acquirement for 832 gold pieces
 43214 | Shoals:4 | Acquired a +0 tower shield of protection
 43331 | Shoals:4 | Got a barnacled rune of Zot
 43397 | Shoals:4 | Identified the +0 hat of a treasure trove {rF+ Will- Str+3
                  | SInv}
 44092 | Vaults:1 | Entered Level 1 of the Vaults
 44095 | Vaults:1 | magus.rc [v1.9.6]
 44569 | Vaults:1 | Reached skill level 16 in Shields
 44981 | Vaults:1 | Aim: a vault guard, wielding a +2 battleaxe and wearing a
                  | +0 plate armour (moderately wounded, about 21% to evade the
                  | +9 lance "Wyrmbane")
 44981 | Vaults:1 | Aim: a vault guard, wielding a +2 battleaxe and wearing a
                  | +0 plate armour (moderately wounded, about 21% to evade the
                  | +9 lance "Wyrmbane")
 44990 | Vaults:1 | Aim: a vault guard, wielding a +2 battleaxe and wearing a
                  | +0 plate armour (moderately wounded, about 21% to evade the
                  | +9 lance "Wyrmbane")
 44990 | Vaults:1 | Aim: a vault guard, wielding a +2 battleaxe and wearing a
                  | +0 plate armour (moderately wounded, about 21% to evade the
                  | +9 lance "Wyrmbane")
 44990 | Vaults:1 | Aim: an ironbound thunderhulk, wielding a +0 dire flail and
                  | wearing a +0 animal skin (slow, about 17% to evade the +9
                  | lance "Wyrmbane")
 44991 | Vaults:1 | Aim: an ironbound thunderhulk, wielding a +0 dire flail and
                  | wearing a +0 animal skin (lightly wounded, slow, about 17%
                  | to evade the +9 lance "Wyrmbane")
 44991 | Vaults:1 | Aim: an ironbound thunderhulk, wielding a +0 dire flail and
                  | wearing a +0 animal skin (lightly wounded, slow, about 17%
                  | to evade the +9 lance "Wyrmbane")
 44992 | Vaults:1 | Aim: an ironbound thunderhulk, wielding a +0 dire flail and
                  | wearing a +0 animal skin (moderately wounded, slow, about
                  | 17% to evade the +9 lance "Wyrmbane")
 44992 | Vaults:1 | Aim: an ironbound thunderhulk, wielding a +0 dire flail and
                  | wearing a +0 animal skin (moderately wounded, slow, about
                  | 17% to evade the +9 lance "Wyrmbane")
 44993 | Vaults:1 | Aim: an ironbound thunderhulk, wielding a +0 dire flail and
                  | wearing a +0 animal skin (severely wounded, slow, about 17%
                  | to evade the +9 lance "Wyrmbane")
 44993 | Vaults:1 | Aim: an ironbound thunderhulk, wielding a +0 dire flail and
                  | wearing a +0 animal skin (severely wounded, slow, about 17%
                  | to evade the +9 lance "Wyrmbane")
 44994 | Vaults:1 | Aim: an ironbound thunderhulk, wielding a +0 dire flail and
                  | wearing a +0 animal skin (almost dead, slow, about 17% to
                  | evade the +9 lance "Wyrmbane")
 44994 | Vaults:1 | Aim: an ironbound thunderhulk, wielding a +0 dire flail and
                  | wearing a +0 animal skin (almost dead, slow, about 17% to
                  | evade the +9 lance "Wyrmbane")
 44995 | Vaults:1 | Aim: a vault guard, wielding a +2 battleaxe and wearing a
                  | +0 plate armour (moderately wounded, about 21% to evade the
                  | +9 lance "Wyrmbane")
 44995 | Vaults:1 | Aim: a vault guard, wielding a +2 battleaxe and wearing a
                  | +0 plate armour (moderately wounded, about 21% to evade the
                  | +9 lance "Wyrmbane")
 44996 | Vaults:1 | Aim: a vault guard, wielding a +2 battleaxe and wearing a
                  | +0 plate armour (heavily wounded, about 21% to evade the +9
                  | lance "Wyrmbane")
 44996 | Vaults:1 | Aim: a vault guard, wielding a +2 battleaxe and wearing a
                  | +0 plate armour (heavily wounded, about 21% to evade the +9
                  | lance "Wyrmbane")
 44997 | Vaults:1 | Aim: a vault guard, wielding a +2 battleaxe and wearing a
                  | +0 plate armour (heavily wounded, about 21% to evade the +9
                  | lance "Wyrmbane")
 44997 | Vaults:1 | Aim: a vault guard, wielding a +2 battleaxe and wearing a
                  | +0 plate armour (heavily wounded, about 21% to evade the +9
                  | lance "Wyrmbane")
 44998 | Vaults:1 | Aim: a vault guard, wielding a +2 battleaxe and wearing a
                  | +0 plate armour (heavily wounded, about 21% to evade the +9
                  | lance "Wyrmbane")
 44998 | Vaults:1 | Aim: a vault guard, wielding a +2 battleaxe and wearing a
                  | +0 plate armour (heavily wounded, about 21% to evade the +9
                  | lance "Wyrmbane")
 44999 | Vaults:1 | Aim: a vault guard, wielding a +2 battleaxe and wearing a
                  | +0 plate armour (severely wounded, about 21% to evade the
                  | +9 lance "Wyrmbane")
 44999 | Vaults:1 | Aim: a vault guard, wielding a +2 battleaxe and wearing a
                  | +0 plate armour (severely wounded, about 21% to evade the
                  | +9 lance "Wyrmbane")
 45000 | Vaults:1 | Aim: a vault guard, wielding a +2 battleaxe and wearing a
                  | +0 plate armour (severely wounded, about 21% to evade the
                  | +9 lance "Wyrmbane")
 45000 | Vaults:1 | Aim: a vault guard, wielding a +2 battleaxe and wearing a
                  | +0 plate armour (severely wounded, about 21% to evade the
                  | +9 lance "Wyrmbane")
 45001 | Vaults:1 | Aim: a vault guard, wielding a +2 battleaxe and wearing a
                  | +0 plate armour (severely wounded, about 21% to evade the
                  | +9 lance "Wyrmbane")
 45001 | Vaults:1 | Aim: a vault guard, wielding a +2 battleaxe and wearing a
                  | +0 plate armour (severely wounded, about 21% to evade the
                  | +9 lance "Wyrmbane")
 45002 | Vaults:1 | Aim: a vault guard, wielding a +2 battleaxe and wearing a
                  | +0 plate armour (severely wounded, about 21% to evade the
                  | +9 lance "Wyrmbane")
 45002 | Vaults:1 | Aim: a vault guard, wielding a +2 battleaxe and wearing a
                  | +0 plate armour (severely wounded, about 21% to evade the
                  | +9 lance "Wyrmbane")
 45022 | Vaults:1 | Aim: a vault warden, wielding a +0 long sword, wearing a +0
                  | plate armour and wearing a +0 tower shield (about 17% to
                  | evade the +9 lance "Wyrmbane")
 45198 | Vaults:1 | Aim: a vault warden, wielding a +3 war axe, wearing a +0
                  | plate armour and wearing a +0 kite shield (moderately
                  | wounded, about 19% to evade the +9 lance "Wyrmbane")
 45198 | Vaults:1 | Aim: a vault warden, wielding a +3 war axe, wearing a +0
                  | plate armour and wearing a +0 kite shield (moderately
                  | wounded, about 19% to evade the +9 lance "Wyrmbane")
 45198 | Vaults:1 | Aim: an ironbound thunderhulk, wielding a +0 dire flail and
                  | wearing a +0 animal skin (about 18% to evade the +9 lance
                  | "Wyrmbane")
 45199 | Vaults:1 | Aim: an ironbound thunderhulk, wielding a +0 dire flail and
                  | wearing a +0 animal skin (about 18% to evade the +9 lance
                  | "Wyrmbane")
 45199 | Vaults:1 | Aim: an ironbound thunderhulk, wielding a +0 dire flail and
                  | wearing a +0 animal skin (about 18% to evade the +9 lance
                  | "Wyrmbane")
 45201 | Vaults:1 | Aim: a vault warden, wielding a +3 war axe, wearing a +0
                  | plate armour and wearing a +0 kite shield (almost dead,
                  | magic disrupted, about 19% to evade the +9 lance
                  | "Wyrmbane")
 45201 | Vaults:1 | Aim: a vault warden, wielding a +3 war axe, wearing a +0
                  | plate armour and wearing a +0 kite shield (almost dead,
                  | magic disrupted, about 19% to evade the +9 lance
                  | "Wyrmbane")
 45202 | Vaults:1 | Aim: an ironbound thunderhulk, wielding a +0 dire flail and
                  | wearing a +0 animal skin (severely wounded, slow, about 17%
                  | to evade the +9 lance "Wyrmbane")
 45202 | Vaults:1 | Aim: an ironbound thunderhulk, wielding a +0 dire flail and
                  | wearing a +0 animal skin (severely wounded, slow, about 17%
                  | to evade the +9 lance "Wyrmbane")
 45203 | Vaults:1 | Aim: an ironbound thunderhulk, wielding a +0 dire flail and
                  | wearing a +0 animal skin (severely wounded, slow, about 17%
                  | to evade the +9 lance "Wyrmbane")
 45203 | Vaults:1 | Aim: an ironbound thunderhulk, wielding a +0 dire flail and
                  | wearing a +0 animal skin (severely wounded, slow, about 17%
                  | to evade the +9 lance "Wyrmbane")
 45204 | Vaults:1 | Aim: an ironbound thunderhulk, wielding a +0 dire flail and
                  | wearing a +0 animal skin (almost dead, slow, about 17% to
                  | evade the +9 lance "Wyrmbane")
 45204 | Vaults:1 | Aim: an ironbound thunderhulk, wielding a +0 dire flail and
                  | wearing a +0 animal skin (almost dead, slow, about 17% to
                  | evade the +9 lance "Wyrmbane")
 45205 | Vaults:1 | Aim: a vault guard, wielding a +0 battleaxe and wearing a
                  | +0 chain mail (about 23% to evade the +9 lance "Wyrmbane")
 45205 | Vaults:1 | Aim: a vault guard, wielding a +0 battleaxe and wearing a
                  | +0 chain mail (about 23% to evade the +9 lance "Wyrmbane")
 45206 | Vaults:1 | Aim: a vault guard, wielding a +0 battleaxe and wearing a
                  | +0 chain mail (moderately wounded, about 23% to evade the
                  | +9 lance "Wyrmbane")
 45206 | Vaults:1 | Aim: a vault guard, wielding a +0 battleaxe and wearing a
                  | +0 chain mail (moderately wounded, about 23% to evade the
                  | +9 lance "Wyrmbane")
 45207 | Vaults:1 | Aim: a vault guard, wielding a +0 battleaxe and wearing a
                  | +0 chain mail (moderately wounded, about 23% to evade the
                  | +9 lance "Wyrmbane")
 45207 | Vaults:1 | Aim: a vault guard, wielding a +0 battleaxe and wearing a
                  | +0 chain mail (moderately wounded, about 23% to evade the
                  | +9 lance "Wyrmbane")
 45639 | Vaults:1 | Reached skill level 17 in Shields
 45960 | Vaults:1 | Reached XP level 20. HP: 186/243 MP: 16/18
 46107 | Vaults:1 | Aim: an ironbound thunderhulk, wielding a +0 great mace and
                  | wearing a +0 animal skin (about 17% to evade the +10 lance
                  | "Wyrmbane")
 46107 | Vaults:1 | Aim: an ironbound thunderhulk, wielding a +0 great mace and
                  | wearing a +0 animal skin (about 17% to evade the +10 lance
                  | "Wyrmbane")
 46108 | Vaults:1 | Aim: an ironbound thunderhulk, wielding a +0 great mace and
                  | wearing a +0 animal skin (moderately wounded, about 17% to
                  | evade the +10 lance "Wyrmbane")
 46108 | Vaults:1 | Aim: an ironbound thunderhulk, wielding a +0 great mace and
                  | wearing a +0 animal skin (moderately wounded, about 17% to
                  | evade the +10 lance "Wyrmbane")
 46109 | Vaults:1 | Aim: an ironbound thunderhulk, wielding a +0 great mace and
                  | wearing a +0 animal skin (moderately wounded, about 17% to
                  | evade the +10 lance "Wyrmbane")
 46109 | Vaults:1 | Aim: an ironbound thunderhulk, wielding a +0 great mace and
                  | wearing a +0 animal skin (moderately wounded, about 17% to
                  | evade the +10 lance "Wyrmbane")
 46110 | Vaults:1 | Aim: an ironbound thunderhulk, wielding a +0 great mace and
                  | wearing a +0 animal skin (heavily wounded, about 17% to
                  | evade the +10 lance "Wyrmbane")
 46110 | Vaults:1 | Aim: an ironbound thunderhulk, wielding a +0 great mace and
                  | wearing a +0 animal skin (heavily wounded, about 17% to
                  | evade the +10 lance "Wyrmbane")
 46111 | Vaults:1 | Aim: an ironbound thunderhulk, wielding a +0 great mace and
                  | wearing a +0 animal skin (heavily wounded, about 17% to
                  | evade the +10 lance "Wyrmbane")
 46111 | Vaults:1 | Aim: an ironbound thunderhulk, wielding a +0 great mace and
                  | wearing a +0 animal skin (heavily wounded, about 17% to
                  | evade the +10 lance "Wyrmbane")
 46112 | Vaults:1 | Aim: an ironbound thunderhulk, wielding a +0 great mace and
                  | wearing a +0 animal skin (severely wounded, about 17% to
                  | evade the +10 lance "Wyrmbane")
 46112 | Vaults:1 | Aim: an ironbound thunderhulk, wielding a +0 great mace and
                  | wearing a +0 animal skin (severely wounded, about 17% to
                  | evade the +10 lance "Wyrmbane")
 46113 | Vaults:1 | Aim: an ironbound thunderhulk, wielding a +0 great mace and
                  | wearing a +0 animal skin (almost dead, about 17% to evade
                  | the +10 lance "Wyrmbane")
 46113 | Vaults:1 | Aim: an ironbound thunderhulk, wielding a +0 great mace and
                  | wearing a +0 animal skin (almost dead, about 17% to evade
                  | the +10 lance "Wyrmbane")
 47262 | Vaults:2 | You pick up a book of Transmutation and begin reading...
 47418 | Vaults:2 | Reached skill level 18 in Shields
 47719 | Vaults:2 | You pick up a book of Decay and begin reading...
 48784 | Vaults:2 | Noticed Saint Roka
 48811 | Vaults:2 | Killed Saint Roka
 49079 | Vaults:2 | Found a staircase to the Crypt.
 49079 | Vaults:2 | Found an ancient bone altar of Kikubaaqudgha.
 49145 | Vaults:2 | Aim: an ironbound thunderhulk, wielding a +0 dire flail of
                  | distortion and wearing a +0 animal skin (strong, paralysed,
                  | about 2% to evade the +10 lance "Wyrmbane")
 49145 | Vaults:2 | Aim: an ironbound thunderhulk, wielding a +0 dire flail of
                  | distortion and wearing a +0 animal skin (strong, paralysed,
                  | about 2% to evade the +10 lance "Wyrmbane")
 49146 | Vaults:2 | Aim: an ironbound thunderhulk, wielding a +0 dire flail of
                  | distortion and wearing a +0 animal skin (lightly wounded,
                  | strong, paralysed, about 2% to evade the +10 lance
                  | "Wyrmbane")
 49146 | Vaults:2 | Aim: an ironbound thunderhulk, wielding a +0 dire flail of
                  | distortion and wearing a +0 animal skin (lightly wounded,
                  | strong, paralysed, about 2% to evade the +10 lance
                  | "Wyrmbane")
 49147 | Vaults:2 | Aim: an ironbound thunderhulk, wielding a +0 dire flail of
                  | distortion and wearing a +0 animal skin (heavily wounded,
                  | strong, paralysed, about 2% to evade the +10 lance
                  | "Wyrmbane")
 49147 | Vaults:2 | Aim: an ironbound thunderhulk, wielding a +0 dire flail of
                  | distortion and wearing a +0 animal skin (heavily wounded,
                  | strong, paralysed, about 2% to evade the +10 lance
                  | "Wyrmbane")
 49148 | Vaults:2 | Aim: an ironbound thunderhulk, wielding a +0 dire flail of
                  | distortion and wearing a +0 animal skin (severely wounded,
                  | strong, paralysed, about 2% to evade the +10 lance
                  | "Wyrmbane")
 49148 | Vaults:2 | Aim: an ironbound thunderhulk, wielding a +0 dire flail of
                  | distortion and wearing a +0 animal skin (severely wounded,
                  | strong, paralysed, about 2% to evade the +10 lance
                  | "Wyrmbane")
 49149 | Vaults:2 | Aim: an ironbound thunderhulk, wielding a +0 dire flail of
                  | distortion and wearing a +0 animal skin (severely wounded,
                  | strong, paralysed, about 2% to evade the +10 lance
                  | "Wyrmbane")
 49149 | Vaults:2 | Aim: an ironbound thunderhulk, wielding a +0 dire flail of
                  | distortion and wearing a +0 animal skin (severely wounded,
                  | strong, paralysed, about 2% to evade the +10 lance
                  | "Wyrmbane")
 49150 | Vaults:2 | Aim: an ironbound thunderhulk, wielding a +0 dire flail of
                  | distortion and wearing a +0 animal skin (almost dead,
                  | strong, paralysed, about 2% to evade the +10 lance
                  | "Wyrmbane")
 49150 | Vaults:2 | Aim: an ironbound thunderhulk, wielding a +0 dire flail of
                  | distortion and wearing a +0 animal skin (almost dead,
                  | strong, paralysed, about 2% to evade the +10 lance
                  | "Wyrmbane")
 49151 | Vaults:2 | Aim: an ironbound thunderhulk, wielding a +0 dire flail of
                  | distortion and wearing a +0 animal skin (almost dead,
                  | strong, paralysed, about 2% to evade the +10 lance
                  | "Wyrmbane")
 49151 | Vaults:2 | Aim: an ironbound thunderhulk, wielding a +0 dire flail of
                  | distortion and wearing a +0 animal skin (almost dead,
                  | strong, paralysed, about 2% to evade the +10 lance
                  | "Wyrmbane")
 49152 | Vaults:2 | Aim: an ironbound convoker, wielding a +0 mace and wearing
                  | a +0 scale mail (lightly wounded, chanting recall, about
                  | 19% to evade the +10 lance "Wyrmbane")
 49152 | Vaults:2 | Aim: an ironbound convoker, wielding a +0 mace and wearing
                  | a +0 scale mail (lightly wounded, chanting recall, about
                  | 19% to evade the +10 lance "Wyrmbane")
 49153 | Vaults:2 | Aim: an ironbound convoker, wielding a +0 mace and wearing
                  | a +0 scale mail (lightly wounded, chanting recall, about
                  | 19% to evade the +10 lance "Wyrmbane")
 49153 | Vaults:2 | Aim: an ironbound convoker, wielding a +0 mace and wearing
                  | a +0 scale mail (lightly wounded, chanting recall, about
                  | 19% to evade the +10 lance "Wyrmbane")
 49176 | Vaults:2 | Reached skill level 19 in Shields
 50029 | Vaults:2 | You pick up a book of Callings and begin reading...
 50400 | Vaults:3 | Identified the +8 arbalest of Hemilonn {drain, rF+ Dex+2}
 50410 | Vaults:3 | Identified the +1 leather armour of Heshrun {rC+ Will+
                  | Str+2 Dex-3}
 50833 | Vaults:3 | Noticed Boris
 50848 | Vaults:3 | Killed Boris
 50849 | Vaults:3 | Reached skill level 20 in Shields
 50969 | Vaults:3 | Reached XP level 21. HP: 242/244 MP: 18/18
 51364 | Vaults:3 | Aim: an ironbound convoker, wielding a +0 flail and wearing
                  | a +0 ring mail (almost dead, chanting recall, about 18% to
                  | evade the +11 lance "Wyrmbane")
 51364 | Vaults:3 | Aim: an ironbound convoker, wielding a +0 flail and wearing
                  | a +0 ring mail (almost dead, chanting recall, about 18% to
                  | evade the +11 lance "Wyrmbane")
 51631 | Vaults:3 | Reached skill level 13 in Dodging
 52033 | Vaults:4 | Found a crumbling gateway.
 52036 | Vaults:4 | Found a white marble altar of Elyvilon.
 52036 | Vaults:4 | Found a glowing silver altar of Zin.
 52036 | Vaults:4 | Found a glowing golden altar of the Shining One.
 52104 | Desolati | Entered the Desolation of Salt
 52204 | Desolati | You pick up a book of Displacement and begin reading...
 52705 | Desolati | Identified the +6 orcbow "Ezolin" {flame, rPois Int+4
                  | Stlth+}
 52727 | Desolati | Identified the -2 tower shield of Jigsaw {rN+}
 52748 | Desolati | You add the spells Mephitic Cloud and Fireball to your
                  | library.
 52748 | Desolati | Got the Folio of Atmospheric Concussion
 52752 | Desolati | Identified the ring of Qiux {Fly rElec rF- rC+++ Int-5}
 52873 | Desolati | Reached skill level 14 in Dodging
 52940 | Desolati | Aim: a servant of whispers, wielding a +0 club and wearing
                  | a +0 robe (heavily wounded, paralysed, about 2% to evade
                  | the +11 lance "Wyrmbane")
 52940 | Desolati | Aim: a servant of whispers, wielding a +0 club and wearing
                  | a +0 robe (heavily wounded, paralysed, about 2% to evade
                  | the +11 lance "Wyrmbane")
 52941 | Desolati | Aim: a servant of whispers, wielding a +0 club and wearing
                  | a +0 robe (salt, almost dead, paralysed, about 2% to evade
                  | the +11 lance "Wyrmbane")
 52941 | Desolati | Aim: a servant of whispers, wielding a +0 club and wearing
                  | a +0 robe (salt, almost dead, paralysed, about 2% to evade
                  | the +11 lance "Wyrmbane")
 52942 | Desolati | Aim: an ironbound convoker, wielding a +0 great mace and
                  | wearing a +0 scale mail (salt, about 18% to evade the +11
                  | lance "Wyrmbane")
 52942 | Desolati | Aim: an ironbound convoker, wielding a +0 great mace and
                  | wearing a +0 scale mail (salt, about 18% to evade the +11
                  | lance "Wyrmbane")
 52945 | Desolati | Aim: an ironbound convoker, wielding a +0 great mace and
                  | wearing a +0 scale mail (salt, heavily wounded, about 18%
                  | to evade the +11 lance "Wyrmbane")
 52945 | Desolati | Aim: an ironbound convoker, wielding a +0 great mace and
                  | wearing a +0 scale mail (salt, heavily wounded, about 18%
                  | to evade the +11 lance "Wyrmbane")
 52946 | Desolati | Aim: an ironbound convoker, wielding a +0 great mace and
                  | wearing a +0 scale mail (salt, severely wounded, about 18%
                  | to evade the +11 lance "Wyrmbane")
 52946 | Desolati | Aim: an ironbound convoker, wielding a +0 great mace and
                  | wearing a +0 scale mail (salt, severely wounded, about 18%
                  | to evade the +11 lance "Wyrmbane")
 52947 | Desolati | Aim: an ironbound convoker, wielding a +0 great mace and
                  | wearing a +0 scale mail (salt, almost dead, about 18% to
                  | evade the +11 lance "Wyrmbane")
 52947 | Desolati | Aim: an ironbound convoker, wielding a +0 great mace and
                  | wearing a +0 scale mail (salt, almost dead, about 18% to
                  | evade the +11 lance "Wyrmbane")
 53135 | Desolati | You add the spells Kiss of Death and Iskenderun's Mystic
                  | Blast to your library.
 53135 | Desolati | Got the Spellbook of Experimentation
 53197 | Desolati | Got the Vellum of Clouds and Maleficent Magic
 53677 | Desolati | Reached skill level 16 in Polearms
 53810 | Desolati | Identified the +6 quarterstaff of Defence {flame, Dex+3}
 54285 | Vaults:4 | Gained mutation: Potions are less effective at restoring
                  | your health. [a shining eye]
 54288 | Vaults:4 | Gained mutation: You have a somewhat thin skeletal
                  | structure. (Dex +2, Stealth+) [a shining eye]
 55531 | Vaults:4 | Reached XP level 22. HP: 231/275 MP: 17/19
 55536 | Vaults:4 | Reached skill level 21 in Shields
 55978 | Vaults:4 | Noticed Boris
 55983 | Vaults:4 | Aim: a vault warden, wielding a +0 arbalest and wearing a
                  | +0 chain mail (severely wounded, strong, slow, about 22% to
                  | evade the +11 lance "Wyrmbane")
 55984 | Vaults:4 | Aim: a vault warden, wielding a +0 arbalest and wearing a
                  | +0 chain mail (severely wounded, strong, slow, about 22% to
                  | evade the +11 lance "Wyrmbane")
 55984 | Vaults:4 | Aim: a vault warden, wielding a +0 arbalest and wearing a
                  | +0 chain mail (severely wounded, strong, slow, about 22% to
                  | evade the +11 lance "Wyrmbane")
 55985 | Vaults:4 | Aim: a vault warden, wielding a +0 arbalest and wearing a
                  | +0 chain mail (severely wounded, strong, slow, about 22% to
                  | evade the +11 lance "Wyrmbane")
 55985 | Vaults:4 | Aim: a vault warden, wielding a +0 arbalest and wearing a
                  | +0 chain mail (severely wounded, strong, slow, about 22% to
                  | evade the +11 lance "Wyrmbane")
 55986 | Vaults:4 | Aim: a vault warden, wielding a +0 arbalest and wearing a
                  | +0 chain mail (severely wounded, strong, slow, about 22% to
                  | evade the +11 lance "Wyrmbane")
 55986 | Vaults:4 | Aim: a vault warden, wielding a +0 arbalest and wearing a
                  | +0 chain mail (severely wounded, strong, slow, about 22% to
                  | evade the +11 lance "Wyrmbane")
 55987 | Vaults:4 | Aim: a vault warden, wielding a +0 arbalest and wearing a
                  | +0 chain mail (severely wounded, strong, slow, about 22% to
                  | evade the +11 lance "Wyrmbane")
 55987 | Vaults:4 | Aim: a vault warden, wielding a +0 arbalest and wearing a
                  | +0 chain mail (severely wounded, strong, slow, about 22% to
                  | evade the +11 lance "Wyrmbane")
 55988 | Vaults:4 | Aim: a vault warden, wielding a +0 dire flail and wearing a
                  | +0 chain mail (severely wounded, strong, slow, about 22% to
                  | evade the +11 lance "Wyrmbane")
 55988 | Vaults:4 | Aim: a vault warden, wielding a +0 dire flail and wearing a
                  | +0 chain mail (severely wounded, strong, slow, about 22% to
                  | evade the +11 lance "Wyrmbane")
 55989 | Vaults:4 | Aim: a vault warden, wielding a +0 dire flail and wearing a
                  | +0 chain mail (almost dead, strong, slow, about 22% to
                  | evade the +11 lance "Wyrmbane")
 55989 | Vaults:4 | Aim: a vault warden, wielding a +0 dire flail and wearing a
                  | +0 chain mail (almost dead, strong, slow, about 22% to
                  | evade the +11 lance "Wyrmbane")
 55990 | Vaults:4 | Aim: a vault warden, wielding a +0 dire flail and wearing a
                  | +0 chain mail (almost dead, strong, slow, about 22% to
                  | evade the +11 lance "Wyrmbane")
 55990 | Vaults:4 | Aim: a vault warden, wielding a +0 dire flail and wearing a
                  | +0 chain mail (almost dead, strong, slow, about 22% to
                  | evade the +11 lance "Wyrmbane")
 56000 | Vaults:4 | Killed Boris
 56192 | Vaults:4 | Found a shimmering blue altar of Sif Muna.
 56197 | Vaults:4 | Got the Cyclopedia of the Volatile Birds
 56687 | Depths:1 | Entered Level 1 of the Depths
 57348 | Depths:1 | Identified the +2 robe of the Moon {rC+++ Str+3 Dex-5
                  | Slay-6}
 57445 | Depths:1 | You add the spells Olgreb's Toxic Radiance, Ozocubu's
                  | Refrigeration and Discord to your library.
 57462 | Depths:1 | Found a transporter.
 57463 | Depths:1 | Noticed a juggernaut
 57524 | Depths:1 | Noticed a juggernaut
 57537 | Depths:1 | Noticed t4s4d4r's ghost (adept DsEE)
 57591 | Depths:1 | Found a transporter.
 57680 | Depths:1 | Found a gateway to Hell.
 57755 | Depths:1 | Reached skill level 22 in Shields
 58008 | Depths:1 | You pick up a book of Flames and begin reading...
 58602 | Depths:1 | magus.rc [v1.9.6]
 58694 | Depths:2 | Reached skill level 1 in Shapeshifting
 58745 | Depths:2 | Found Odek Ziz's General Store.
 58749 | Depths:2 | Found Zuxaym's Distillery.
 58749 | Depths:2 | Found Osurog Mischi's Weapon Emporium.
 58752 | Depths:2 | Found Tidereops's Armour Shoppe.
 58755 | Depths:2 | Bought a potion of heal wounds for 80 gold pieces
 58755 | Depths:2 | Bought a potion of heal wounds for 80 gold pieces
 58755 | Depths:2 | Bought 2 potions of invisibility for 256 gold pieces
 58882 | Depths:2 | Noticed Vv
 59227 | Depths:2 | Reached skill level 2 in Shapeshifting
 59465 | Depths:2 | Found a one-way gate leading to the halls of Pandemonium.
 59567 | Depths:2 | Reached skill level 3 in Shapeshifting
 59773 | Depths:2 | Found a runed translucent door.
 59773 | Depths:2 | Noticed a golden dragon
 59811 | Depths:2 | Killed a golden dragon
 59812 | Depths:2 | Reached skill level 4 in Shapeshifting
 59958 | Depths:2 | HP: 63/272 [Vv/flame surge (52)]
 60560 | Elf:1    | Entered Level 1 of the Elven Halls
 60776 | Orc:2    | Reached skill level 5 in Shapeshifting
 60908 | Elf:1    | Found a runed translucent door.
 60908 | Elf:1    | Noticed Kemigacs's ghost (journeyman DsFi)
 60965 | Elf:1    | Reached skill level 6 in Shapeshifting
 61034 | Elf:1    | Killed Kemigacs's ghost
 61158 | Elf:1    | Reached skill level 7 in Shapeshifting
 61568 | Elf:1    | You pick up a book of Unlife and begin reading...
 61704 | Elf:1    | Found Ddaiczo's Desiderata Depot.
 61708 | Elf:1    | Reached skill level 8 in Shapeshifting
 61735 | Elf:1    | Reached XP level 23. HP: 258/272 MP: 18/20
 62262 | Elf:1    | Found a portal to a secret trove of treasure.
 62469 | Elf:2    | Found a runed translucent gate.
 62469 | Elf:2    | Found a runed translucent gate.
 62469 | Elf:2    | Found a runed translucent gate.
 62569 | Elf:2    | Reached skill level 9 in Shapeshifting
 63263 | Elf:3    | Entered Level 3 of the Elven Halls
 63370 | Elf:3    | Reached skill level 10 in Shapeshifting
 63420 | Elf:1    | Bought a manual of Dodging for 1520 gold pieces
 64003 | Elf:3    | Reached skill level 15 in Dodging
 64023 | Elf:3    | a deep elf zephyrmancer comes into view. It is wielding a
                  | +1 war axe of distortion, wearing a +2 robe of willpower,
                  | wearing the ring of the Mage {Wiz Archmagi} and carrying a
                  | wand of polymorph.
 64033 | Elf:3    | Aim: a deep elf blademaster, wielding two +0 rapiers and
                  | wearing a +0 leather armour (lightly wounded, about 43% to
                  | evade the +14 lance "Wyrmbane")
 64033 | Elf:3    | Aim: a deep elf blademaster, wielding two +0 rapiers and
                  | wearing a +0 leather armour (lightly wounded, about 43% to
                  | evade the +14 lance "Wyrmbane")
 64033 | Elf:3    | Aim: a deep elf demonologist, wielding a +0 short sword
                  | (about 24% to evade the +14 lance "Wyrmbane")
 64034 | Elf:3    | Aim: a deep elf demonologist, wielding a +0 short sword
                  | (moderately wounded, about 24% to evade the +14 lance
                  | "Wyrmbane")
 64034 | Elf:3    | Aim: a deep elf demonologist, wielding a +0 short sword
                  | (moderately wounded, about 24% to evade the +14 lance
                  | "Wyrmbane")
 64035 | Elf:3    | Aim: a deep elf demonologist, wielding a +0 short sword
                  | (heavily wounded, about 24% to evade the +14 lance
                  | "Wyrmbane")
 64035 | Elf:3    | Aim: a deep elf demonologist, wielding a +0 short sword
                  | (heavily wounded, about 24% to evade the +14 lance
                  | "Wyrmbane")
 64036 | Elf:3    | Aim: a deep elf demonologist, wielding a +0 short sword
                  | (severely wounded, about 23% to evade the +14 lance
                  | "Wyrmbane")
 64036 | Elf:3    | Aim: a deep elf demonologist, wielding a +0 short sword
                  | (severely wounded, about 23% to evade the +14 lance
                  | "Wyrmbane")
 64037 | Elf:3    | Aim: a deep elf blademaster, wielding two +0 rapiers and
                  | wearing a +0 leather armour (lightly wounded, about 42% to
                  | evade the +14 lance "Wyrmbane")
 64037 | Elf:3    | Aim: a deep elf blademaster, wielding two +0 rapiers and
                  | wearing a +0 leather armour (lightly wounded, about 42% to
                  | evade the +14 lance "Wyrmbane")
 64038 | Elf:3    | Aim: a deep elf blademaster, wielding two +0 rapiers and
                  | wearing a +0 leather armour (heavily wounded, about 42% to
                  | evade the +14 lance "Wyrmbane")
 64038 | Elf:3    | Aim: a deep elf blademaster, wielding two +0 rapiers and
                  | wearing a +0 leather armour (heavily wounded, about 42% to
                  | evade the +14 lance "Wyrmbane")
 64039 | Elf:3    | Aim: a deep elf blademaster, wielding two +0 rapiers and
                  | wearing a +0 leather armour (heavily wounded, about 42% to
                  | evade the +14 lance "Wyrmbane")
 64039 | Elf:3    | Aim: a deep elf blademaster, wielding two +0 rapiers and
                  | wearing a +0 leather armour (heavily wounded, about 42% to
                  | evade the +14 lance "Wyrmbane")
 64040 | Elf:3    | Aim: a deep elf blademaster, wielding two +0 rapiers and
                  | wearing a +0 leather armour (severely wounded, about 42% to
                  | evade the +14 lance "Wyrmbane")
 64040 | Elf:3    | Aim: a deep elf blademaster, wielding two +0 rapiers and
                  | wearing a +0 leather armour (severely wounded, about 42% to
                  | evade the +14 lance "Wyrmbane")
 64041 | Elf:3    | Aim: a deep elf blademaster, wielding two +0 rapiers and
                  | wearing a +0 leather armour (severely wounded, about 42% to
                  | evade the +14 lance "Wyrmbane")
 64041 | Elf:3    | Aim: a deep elf blademaster, wielding two +0 rapiers and
                  | wearing a +0 leather armour (severely wounded, about 42% to
                  | evade the +14 lance "Wyrmbane")
 64042 | Elf:3    | Aim: a deep elf blademaster, wielding two +0 rapiers and
                  | wearing a +0 leather armour (almost dead, about 42% to
                  | evade the +14 lance "Wyrmbane")
 64042 | Elf:3    | Aim: a deep elf blademaster, wielding two +0 rapiers and
                  | wearing a +0 leather armour (almost dead, about 42% to
                  | evade the +14 lance "Wyrmbane")
 64043 | Elf:3    | Aim: a deep elf blademaster, wielding two +0 rapiers and
                  | wearing a +0 leather armour (almost dead, about 42% to
                  | evade the +14 lance "Wyrmbane")
 64043 | Elf:3    | Aim: a deep elf blademaster, wielding two +0 rapiers and
                  | wearing a +0 leather armour (almost dead, about 42% to
                  | evade the +14 lance "Wyrmbane")
 64044 | Elf:3    | Aim: a deep elf zephyrmancer, wielding a +1 war axe of
                  | distortion, wearing a +2 robe of willpower, wearing the
                  | ring of the Mage {Wiz Archmagi} and carrying a wand of
                  | polymorph (about 23% to evade the +14 lance "Wyrmbane")
 64044 | Elf:3    | Aim: a deep elf zephyrmancer, wielding a +1 war axe of
                  | distortion, wearing a +2 robe of willpower, wearing the
                  | ring of the Mage {Wiz Archmagi} and carrying a wand of
                  | polymorph (about 23% to evade the +14 lance "Wyrmbane")
 64045 | Elf:3    | Aim: a deep elf zephyrmancer, wielding a +1 war axe of
                  | distortion, wearing a +2 robe of willpower, wearing the
                  | ring of the Mage {Wiz Archmagi} and carrying a wand of
                  | polymorph (moderately wounded, about 24% to evade the +14
                  | lance "Wyrmbane")
 64045 | Elf:3    | Aim: a deep elf zephyrmancer, wielding a +1 war axe of
                  | distortion, wearing a +2 robe of willpower, wearing the
                  | ring of the Mage {Wiz Archmagi} and carrying a wand of
                  | polymorph (moderately wounded, about 24% to evade the +14
                  | lance "Wyrmbane")
 64257 | Elf:3    | Reached skill level 16 in Dodging
 64293 | Elf:3    | Identified the ring "Sutos" {Ice Dex+8}
 64480 | Elf:3    | Identified the +2 cloak "Rell" {rElec Regen+}
 64493 | Elf:3    | Identified the staff of the Grave {rElec rC+ Conj Hexes}
 64516 | Elf:3    | Identified the +2 cloak of Gan Idwu {Rampage Regen+ Str-4}
 64562 | Elf:3    | Got Sif Muna's Codex of Atmospheric Cinders
 64567 | Elf:3    | Found the +9 sword of Power {lifebolt}
 64570 | Elf:3    | Identified the staff "Ficw" {rC+ rN+ Ice}
 64585 | Elf:3    | Identified the +2 mace of the Jolly Wonders {heavy, Will+
                  | rCorr}
 64596 | Elf:3    | Identified the +0 scale mail of the Cobbler {+Inv Will+
                  | SInv}
 64611 | Elf:3    | You add the spells Leda's Liquefaction and Dimensional
                  | Bullseye to your library.
 64611 | Elf:3    | Got Haemimad's Information on the Beguiling Scorpion
 64616 | Elf:3    | Identified the +0 rapier "Zidilify" {freeze, rF+ rCorr
                  | Int+6 Dex-5}
 65366 | Depths:3 | Noticed a golden dragon
 65373 | Depths:3 | Reached skill level 17 in Dodging
 65374 | Depths:3 | Noticed a juggernaut
 65427 | Depths:3 | Killed a juggernaut
 65444 | Depths:3 | Killed a golden dragon
 65444 | Depths:3 | Identified +0 gold dragon scales
 65513 | Depths:3 | q - +0 gold dragon scales {rare}
 65555 | Depths:3 | You finish putting on your +0 gold dragon scales {rare}.
 65560 | Depths:3 | You finish taking off your +0 gold dragon scales {rare}.
 65728 | Depths:2 | Reached skill level 18 in Dodging
 66195 | Depths:3 | You pick up a book of Spontaneous Combustion and begin
                  | reading...
 66389 | Depths:3 | You pick up a book of Debilitation and begin reading...
 66415 | Depths:3 | Found a corrupted altar of Lugonu.
 66415 | Depths:3 | Found a one-way gate to the infinite horrors of the Abyss.
 66472 | Depths:3 | Noticed a golden dragon
 66485 | Depths:3 | Killed a golden dragon
 66486 | Depths:3 | Reached skill level 19 in Dodging
 66941 | Depths:3 | Upgraded the game from 0.31.0-7-gf635a9b802 to
                  | 0.31.0-9-g3a7656b989
 66941 | Depths:3 | magus.rc [v1.9.6]
 66948 | Depths:4 | Entered Level 4 of the Depths
 66984 | Depths:4 | Reached XP level 24. HP: 286/287 MP: 20/20
 67826 | Depths:4 | Reached skill level 17 in Polearms
 67875 | Depths:4 | Found Big Baal Hell's Store.
 68138 | Depths:4 | You pick up a book of Spectacle and begin reading...
 68428 | Depths:4 | Reached skill level 18 in Polearms
 68576 | Depths:4 | Reached skill level 5 in Armour
 68707 | Depths:4 | Found a one-way gateway to a ziggurat.
 69038 | Depths:4 | Found a gate to the Realm of Zot.
 69145 | Zig:1    | Entered Level 1 of a ziggurat
 69173 | Zig:2    | Entered Level 2 of a ziggurat
 69205 | Zig:3    | Entered Level 3 of a ziggurat
 69283 | Zig:4    | Entered Level 4 of a ziggurat
 69288 | Zig:4    | Noticed a curse skull
 69291 | Zig:4    | Reached skill level 6 in Armour
 69293 | Zig:4    | Killed a curse skull
 69301 | Zig:4    | Identified the blade talisman of a Gauntlet {rElec}
 69305 | Zig:4    | Got the Guide on the Damned
 69309 | Zig:4    | Identified the +8 sling of Pesh {freeze, Int+4}
 69671 | Vaults:5 | Entered Level 5 of the Vaults
 69676 | Vaults:5 | Reached skill level 7 in Armour
 69678 | Vaults:5 | Aim: a vault guard, wielding a +0 great mace and wearing a
                  | +0 plate armour (almost dead, slow, about 18% to evade the
                  | +18 lance "Wyrmbane")
 69678 | Vaults:5 | Aim: a vault guard, wielding a +0 great mace and wearing a
                  | +0 plate armour (almost dead, slow, about 18% to evade the
                  | +18 lance "Wyrmbane")
 69679 | Vaults:5 | Aim: a vault guard, wielding a +0 great mace and wearing a
                  | +0 plate armour (almost dead, slow, about 18% to evade the
                  | +18 lance "Wyrmbane")
 69679 | Vaults:5 | Aim: a vault guard, wielding a +0 great mace and wearing a
                  | +0 plate armour (almost dead, slow, about 18% to evade the
                  | +18 lance "Wyrmbane")
 69680 | Vaults:5 | Aim: a vault guard, wielding a +0 great mace and wearing a
                  | +0 plate armour (almost dead, slow, about 18% to evade the
                  | +18 lance "Wyrmbane")
 69680 | Vaults:5 | Aim: a vault guard, wielding a +0 great mace and wearing a
                  | +0 plate armour (almost dead, slow, about 18% to evade the
                  | +18 lance "Wyrmbane")
 69686 | Vaults:5 | Aim: a vault warden, wielding a +3 long sword and wearing a
                  | +0 chain mail (almost dead, about 19% to evade the +18
                  | lance "Wyrmbane")
 69686 | Vaults:5 | Aim: a vault warden, wielding a +3 long sword and wearing a
                  | +0 chain mail (almost dead, about 19% to evade the +18
                  | lance "Wyrmbane")
 69687 | Vaults:5 | Aim: a vault warden, wielding a +3 long sword and wearing a
                  | +0 chain mail (almost dead, about 19% to evade the +18
                  | lance "Wyrmbane")
 69687 | Vaults:5 | Aim: a vault warden, wielding a +3 long sword and wearing a
                  | +0 chain mail (almost dead, about 19% to evade the +18
                  | lance "Wyrmbane")
 69688 | Vaults:5 | Aim: a vault warden, wielding a +3 long sword and wearing a
                  | +0 chain mail (almost dead, about 19% to evade the +18
                  | lance "Wyrmbane")
 69688 | Vaults:5 | Aim: a vault warden, wielding a +3 long sword and wearing a
                  | +0 chain mail (almost dead, about 19% to evade the +18
                  | lance "Wyrmbane")
 69690 | Vaults:5 | Aim: a vault guard, wielding a +3 battleaxe and wearing a
                  | +0 plate armour (heavily wounded, about 18% to evade the
                  | +18 lance "Wyrmbane")
 69690 | Vaults:5 | Aim: a vault guard, wielding a +3 battleaxe and wearing a
                  | +0 plate armour (heavily wounded, about 18% to evade the
                  | +18 lance "Wyrmbane")
 69691 | Vaults:5 | Aim: a vault guard, wielding a +3 battleaxe and wearing a
                  | +0 plate armour (severely wounded, about 18% to evade the
                  | +18 lance "Wyrmbane")
 69691 | Vaults:5 | Aim: a vault guard, wielding a +3 battleaxe and wearing a
                  | +0 plate armour (severely wounded, about 18% to evade the
                  | +18 lance "Wyrmbane")
 69696 | Vaults:5 | Aim: a vault warden, wielding a +2 broad axe and wearing a
                  | +0 chain mail (inner flame, strong, about 20% to evade the
                  | +18 lance "Wyrmbane")
 69696 | Vaults:5 | Aim: a vault warden, wielding a +2 broad axe and wearing a
                  | +0 chain mail (inner flame, strong, about 20% to evade the
                  | +18 lance "Wyrmbane")
 69697 | Vaults:5 | Aim: a vault warden, wielding a +2 broad axe and wearing a
                  | +0 chain mail (flame, lightly wounded, inner flame, strong,
                  | about 20% to evade the +18 lance "Wyrmbane")
 69697 | Vaults:5 | Aim: a vault warden, wielding a +2 broad axe and wearing a
                  | +0 chain mail (flame, lightly wounded, inner flame, strong,
                  | about 20% to evade the +18 lance "Wyrmbane")
 69698 | Vaults:5 | Aim: a vault warden, wielding a +2 broad axe and wearing a
                  | +0 chain mail (flame, moderately wounded, inner flame,
                  | strong, about 20% to evade the +18 lance "Wyrmbane")
 69698 | Vaults:5 | Aim: a vault warden, wielding a +2 broad axe and wearing a
                  | +0 chain mail (flame, moderately wounded, inner flame,
                  | strong, about 20% to evade the +18 lance "Wyrmbane")
 69698 | Vaults:5 | Aim: a tengu reaver, wielding a +0 battleaxe and wearing a
                  | +0 ring mail (inner flame, repelling missiles, about 28% to
                  | evade the +18 lance "Wyrmbane")
 69698 | Vaults:5 | Aim: a vault guard, wielding a +3 war axe and wearing a +0
                  | chain mail (severely wounded, inner flame, about 20% to
                  | evade the +18 lance "Wyrmbane")
 69699 | Vaults:5 | Aim: a vault guard, wielding a +3 war axe and wearing a +0
                  | chain mail (severely wounded, inner flame, about 20% to
                  | evade the +18 lance "Wyrmbane")
 69699 | Vaults:5 | Aim: a vault guard, wielding a +3 war axe and wearing a +0
                  | chain mail (severely wounded, inner flame, about 20% to
                  | evade the +18 lance "Wyrmbane")
 69700 | Vaults:5 | Reached skill level 8 in Armour
 69700 | Vaults:5 | Aim: a vault warden, wielding a +2 broad axe and wearing a
                  | +0 chain mail (flame, almost dead, inner flame, strong,
                  | about 19% to evade the +18 lance "Wyrmbane")
 69700 | Vaults:5 | Aim: a vault warden, wielding a +2 broad axe and wearing a
                  | +0 chain mail (flame, almost dead, inner flame, strong,
                  | about 19% to evade the +18 lance "Wyrmbane")
 69712 | Vaults:5 | Aim: a fire giant, wielding a +2 great sword of flaming
                  | (about 9% to evade the +18 lance "Wyrmbane")
 69712 | Vaults:5 | Aim: a fire giant, wielding a +2 great sword of flaming
                  | (about 9% to evade the +18 lance "Wyrmbane")
 69713 | Vaults:5 | Aim: a fire giant, wielding a +2 great sword of flaming
                  | (lightly wounded, about 9% to evade the +18 lance
                  | "Wyrmbane")
 69713 | Vaults:5 | Aim: a fire giant, wielding a +2 great sword of flaming
                  | (lightly wounded, about 9% to evade the +18 lance
                  | "Wyrmbane")
 69713 | Vaults:5 | Noticed a dread lich
 69714 | Vaults:5 | Aim: a fire giant, wielding a +2 great sword of flaming
                  | (moderately wounded, about 9% to evade the +18 lance
                  | "Wyrmbane")
 69714 | Vaults:5 | Aim: a fire giant, wielding a +2 great sword of flaming
                  | (moderately wounded, about 9% to evade the +18 lance
                  | "Wyrmbane")
 69715 | Vaults:5 | Aim: a fire giant, wielding a +2 great sword of flaming
                  | (moderately wounded, about 9% to evade the +18 lance
                  | "Wyrmbane")
 69715 | Vaults:5 | Aim: a fire giant, wielding a +2 great sword of flaming
                  | (moderately wounded, about 9% to evade the +18 lance
                  | "Wyrmbane")
 69716 | Vaults:5 | Aim: a fire giant, wielding a +2 great sword of flaming
                  | (heavily wounded, about 9% to evade the +18 lance
                  | "Wyrmbane")
 69716 | Vaults:5 | Aim: a fire giant, wielding a +2 great sword of flaming
                  | (heavily wounded, about 9% to evade the +18 lance
                  | "Wyrmbane")
 69718 | Vaults:5 | Aim: a fire giant, wielding a +2 great sword of flaming
                  | (heavily wounded, about 9% to evade the +18 lance
                  | "Wyrmbane")
 69718 | Vaults:5 | Aim: a fire giant, wielding a +2 great sword of flaming
                  | (heavily wounded, about 9% to evade the +18 lance
                  | "Wyrmbane")
 69719 | Vaults:5 | Aim: a fire giant, wielding a +2 great sword of flaming
                  | (heavily wounded, about 9% to evade the +18 lance
                  | "Wyrmbane")
 69719 | Vaults:5 | Aim: a fire giant, wielding a +2 great sword of flaming
                  | (heavily wounded, about 9% to evade the +18 lance
                  | "Wyrmbane")
 69720 | Vaults:5 | Aim: a fire giant, wielding a +2 great sword of flaming
                  | (heavily wounded, about 9% to evade the +18 lance
                  | "Wyrmbane")
 69720 | Vaults:5 | Aim: a fire giant, wielding a +2 great sword of flaming
                  | (heavily wounded, about 9% to evade the +18 lance
                  | "Wyrmbane")
 69878 | Vaults:5 | Reached skill level 9 in Armour
 69887 | Vaults:5 | Identified +0 gold dragon scales
 69960 | Vaults:5 | Identified the +2 whip "Giucwoge" {drain, rF+ Int+3 SInv}
 69989 | Vaults:5 | You pick up a book of Conjurations {@e2} and begin
                  | reading...
 69989 | Vaults:5 | You add the spells Magic Dart, Searing Ray and Fulminant
                  | Prism to your library.
 70102 | Vaults:5 | Reached skill level 10 in Armour
 70320 | Vaults:5 | Noticed a dread lich
 70327 | Vaults:5 | Identified the +3 chain mail of Uduprecaeps {Stlth+}
 70349 | Vaults:4 | Killed a dread lich
 70350 | Vaults:4 | Reached XP level 25. HP: 246/270 MP: 13/20
 70397 | Vaults:5 | Identified the +0 falchion of a bazaar {antimagic, *Rage
                  | Str+2 Dex+2 Stlth+}
 70439 | Vaults:5 | Identified +0 gold dragon scales
 70440 | Vaults:5 | Reached skill level 20 in Dodging
 70530 | Vaults:5 | +0 gold dragon scales {rare}; a golden dragon corpse; a
                  | storm dragon corpse
 70605 | Vaults:5 | +0 shadow dragon scales {rare}; a shadow dragon corpse
 70688 | Vaults:5 | Noticed an ancient lich
 70698 | Vaults:5 | Killed an ancient lich
 70975 | Vaults:5 | Got a silver rune of Zot
 71194 | Vaults:5 | Identified the ring of Ran Caf {rN+ rCorr Int+3}
 71249 | Vaults:5 | Reached skill level 19 in Polearms
 71282 | Vaults:5 | Noticed a dread lich
 71294 | Vaults:5 | Killed a dread lich
 71586 | Vaults:5 | Acquired 675 gold pieces
 71860 | Vaults:5 | Killed a dread lich
 72420 | Slime:1  | Entered Level 1 of the Pits of Slime
 72500 | Slime:4  | Gained mutation: You sometimes lose your temper in combat.
                  | [a shining eye]
 72501 | Slime:4  | Gained mutation: Your body sometimes deteriorates upon
                  | taking damage. [a shining eye]
 72513 | Slime:5  | Entered Level 5 of the Pits of Slime
 72589 | Slime:5  | Reached skill level 20 in Polearms
 72682 | Slime:5  | Noticed the Royal Jelly
 72704 | Slime:5  | Killed the Royal Jelly
 72739 | Slime:5  | Identified the amulet of Quhinuc {Spirit Rampage +Inv rN+
                  | Dex-3}
 72993 | Slime:5  | You add the spells Foxfire and Sandblast to your library.
 72993 | Slime:5  | Got Dougeu's Vellum of the Solid Torch
 72994 | Slime:5  | Got a starry gem with 151 turns to spare
 72996 | Slime:5  | Got a slimy rune of Zot
 73620 | Zot:1    | Entered Level 1 of the Realm of Zot
 73640 | Zot:2    | magus.rc [v1.9.6]
 73983 | Crypt:1  | Entered Level 1 of the Crypt
 74080 | Crypt:1  | Lost mutation: Potions are less effective at restoring your
                  | health. [potion of mutation]
 74080 | Crypt:1  | Lost mutation: Your body sometimes deteriorates upon taking
                  | damage. [potion of mutation]
 74080 | Crypt:1  | Lost mutation: You sometimes lose your temper in combat.
                  | [potion of mutation]
 74080 | Crypt:1  | Gained mutation: You are robust. (+10% HP) [potion of
                  | mutation]
 74080 | Crypt:1  | Gained mutation: Your flesh is heat resistant. (rF+)
                  | [potion of mutation]
 74200 | Crypt:2  | Reached skill level 23 in Shields
 74238 | Crypt:2  | Noticed a curse skull
 74242 | Crypt:2  | Killed a curse skull
 74316 | Crypt:3  | Entered Level 3 of the Crypt
 74425 | Crypt:3  | Reached XP level 26. HP: 319/321 MP: 20/20
 74742 | Crypt:3  | Noticed a royal mummy
 74785 | Crypt:3  | Killed a royal mummy
 74798 | Crypt:3  | Found an ancient bone altar of Kikubaaqudgha.
 74850 | Crypt:3  | Identified the ring "Kiexkedd" {rPois Slay+2}
 74854 | Crypt:3  | Identified the ring of Ceolum {rC- rN+ Dex+2 SInv}
 74858 | Crypt:3  | Got an ivory gem with 1044 turns to spare
 75240 | Crypt:3  | You pick up a book of Battle and begin reading...
 75240 | Crypt:3  | You add the spells Fugue of the Fallen, Ozocubu's Armour
                  | and Manifold Assault to your library.
 75395 | Crypt:2  | Identified the +8 whip "Killer Bee's Bane" {chaos, *Rage
                  | rN+ Int+2}
 75587 | Crypt:1  | Reached skill level 24 in Shields
 76075 | Zot:2    | Aim: a yellow draconian, wielding a +0 long sword (about
                  | 18% to evade the +18 lance "Wyrmbane")
 76075 | Zot:2    | Aim: a yellow draconian, wielding a +0 long sword (about
                  | 18% to evade the +18 lance "Wyrmbane")
 76075 | Zot:2    | Aim: a yellow draconian, wielding a +0 long sword (about
                  | 18% to evade the +18 lance "Wyrmbane")
 76076 | Zot:2    | Aim: a yellow draconian, wielding a +0 long sword
                  | (moderately wounded, about 18% to evade the +18 lance
                  | "Wyrmbane")
 76076 | Zot:2    | Aim: a yellow draconian, wielding a +0 long sword
                  | (moderately wounded, about 18% to evade the +18 lance
                  | "Wyrmbane")
 76077 | Zot:2    | Aim: a yellow draconian, wielding a +0 long sword (heavily
                  | wounded, about 18% to evade the +18 lance "Wyrmbane")
 76077 | Zot:2    | Aim: a yellow draconian, wielding a +0 long sword (heavily
                  | wounded, about 18% to evade the +18 lance "Wyrmbane")
 76078 | Zot:2    | Aim: a purple draconian, wielding a +2 mace of holy wrath
                  | (lightly wounded, about 17% to evade the +18 lance
                  | "Wyrmbane")
 76078 | Zot:2    | Aim: a purple draconian, wielding a +2 mace of holy wrath
                  | (lightly wounded, about 17% to evade the +18 lance
                  | "Wyrmbane")
 76079 | Zot:2    | Aim: a purple draconian, wielding a +2 mace of holy wrath
                  | (lightly wounded, about 18% to evade the +18 lance
                  | "Wyrmbane")
 76079 | Zot:2    | Aim: a purple draconian, wielding a +2 mace of holy wrath
                  | (lightly wounded, about 18% to evade the +18 lance
                  | "Wyrmbane")
 76080 | Zot:2    | Aim: a purple draconian, wielding a +2 mace of holy wrath
                  | (lightly wounded, about 18% to evade the +18 lance
                  | "Wyrmbane")
 76080 | Zot:2    | Aim: a purple draconian, wielding a +2 mace of holy wrath
                  | (lightly wounded, about 18% to evade the +18 lance
                  | "Wyrmbane")
 76080 | Zot:2    | Aim: a purple draconian, wielding a +2 mace of holy wrath
                  | (lightly wounded, about 18% to evade the +18 lance
                  | "Wyrmbane")
 76080 | Zot:2    | Aim: a purple draconian, wielding a +2 mace of holy wrath
                  | (lightly wounded, about 18% to evade the +18 lance
                  | "Wyrmbane")
 76080 | Zot:2    | Aim: a purple draconian, wielding a +2 mace of holy wrath
                  | (lightly wounded, about 18% to evade the +18 lance
                  | "Wyrmbane")
 76080 | Zot:2    | Aim: a black draconian, wielding a +0 short sword (severely
                  | wounded, about 18% to evade the +18 lance "Wyrmbane")
 76081 | Zot:2    | Aim: a black draconian, wielding a +0 short sword (severely
                  | wounded, about 18% to evade the +18 lance "Wyrmbane")
 76081 | Zot:2    | Aim: a black draconian, wielding a +0 short sword (severely
                  | wounded, about 18% to evade the +18 lance "Wyrmbane")
 76084 | Zot:2    | Aim: a purple draconian, wielding a +2 mace of holy wrath
                  | (moderately wounded, about 17% to evade the +18 lance
                  | "Wyrmbane")
 76084 | Zot:2    | Aim: a purple draconian, wielding a +2 mace of holy wrath
                  | (moderately wounded, about 17% to evade the +18 lance
                  | "Wyrmbane")
 76084 | Zot:2    | Aim: a black draconian, wielding a +0 short sword (grey
                  | smoke, severely wounded, catching its breath, about 17% to
                  | evade the +18 lance "Wyrmbane")
 76086 | Zot:2    | Aim: a purple draconian, wielding a +2 mace of holy wrath
                  | (moderately wounded, catching its breath, about 18% to
                  | evade the +18 lance "Wyrmbane")
 76086 | Zot:2    | Aim: a purple draconian, wielding a +2 mace of holy wrath
                  | (moderately wounded, catching its breath, about 18% to
                  | evade the +18 lance "Wyrmbane")
 76087 | Zot:2    | Aim: a purple draconian, wielding a +2 mace of holy wrath
                  | (moderately wounded, catching its breath, about 18% to
                  | evade the +18 lance "Wyrmbane")
 76087 | Zot:2    | Aim: a purple draconian, wielding a +2 mace of holy wrath
                  | (moderately wounded, catching its breath, about 18% to
                  | evade the +18 lance "Wyrmbane")
 76087 | Zot:2    | Aim: a black draconian, wielding a +0 short sword (grey
                  | smoke, almost dead, about 18% to evade the +18 lance
                  | "Wyrmbane")
 76088 | Zot:2    | Aim: a purple draconian, wielding a +2 mace of holy wrath
                  | (moderately wounded, catching its breath, about 17% to
                  | evade the +18 lance "Wyrmbane")
 76088 | Zot:2    | Aim: a purple draconian, wielding a +2 mace of holy wrath
                  | (moderately wounded, catching its breath, about 17% to
                  | evade the +18 lance "Wyrmbane")
 76095 | Zot:2    | Aim: a purple draconian, wielding a +2 mace of holy wrath
                  | (severely wounded, berserk, about 17% to evade the +18
                  | lance "Wyrmbane")
 76095 | Zot:2    | Aim: a purple draconian, wielding a +2 mace of holy wrath
                  | (severely wounded, berserk, about 17% to evade the +18
                  | lance "Wyrmbane")
 76096 | Zot:2    | Aim: a purple draconian, wielding a +2 mace of holy wrath
                  | (grey smoke, severely wounded, berserk, about 17% to evade
                  | the +18 lance "Wyrmbane")
 76096 | Zot:2    | Aim: a purple draconian, wielding a +2 mace of holy wrath
                  | (grey smoke, severely wounded, berserk, about 17% to evade
                  | the +18 lance "Wyrmbane")
 76097 | Zot:2    | Aim: a purple draconian, wielding a +2 mace of holy wrath
                  | (grey smoke, almost dead, berserk, about 18% to evade the
                  | +18 lance "Wyrmbane")
 76097 | Zot:2    | Aim: a purple draconian, wielding a +2 mace of holy wrath
                  | (grey smoke, almost dead, berserk, about 18% to evade the
                  | +18 lance "Wyrmbane")
 76098 | Zot:2    | Aim: a purple draconian, wielding a +2 mace of holy wrath
                  | (almost dead, berserk, about 17% to evade the +18 lance
                  | "Wyrmbane")
 76098 | Zot:2    | Aim: a purple draconian, wielding a +2 mace of holy wrath
                  | (almost dead, berserk, about 17% to evade the +18 lance
                  | "Wyrmbane")
 76099 | Zot:2    | Aim: a purple draconian, wielding a +2 mace of holy wrath
                  | (almost dead, berserk, about 17% to evade the +18 lance
                  | "Wyrmbane")
 76099 | Zot:2    | Aim: a purple draconian, wielding a +2 mace of holy wrath
                  | (almost dead, berserk, about 17% to evade the +18 lance
                  | "Wyrmbane")
 76100 | Zot:2    | Aim: a purple draconian, wielding a +2 mace of holy wrath
                  | (almost dead, berserk, about 18% to evade the +18 lance
                  | "Wyrmbane")
 76100 | Zot:2    | Aim: a purple draconian, wielding a +2 mace of holy wrath
                  | (almost dead, berserk, about 18% to evade the +18 lance
                  | "Wyrmbane")
 76101 | Zot:2    | Aim: a purple draconian, wielding a +2 mace of holy wrath
                  | (almost dead, berserk, about 18% to evade the +18 lance
                  | "Wyrmbane")
 76101 | Zot:2    | Aim: a purple draconian, wielding a +2 mace of holy wrath
                  | (almost dead, berserk, about 18% to evade the +18 lance
                  | "Wyrmbane")
 76109 | Zot:2    | Aim: a white draconian stormcaller, wielding a +0 long
                  | sword and wearing a +2 cloak (heavily wounded, catching its
                  | breath, about 17% to evade the +18 lance "Wyrmbane")
 76110 | Zot:2    | Aim: a white draconian stormcaller, wielding a +0 long
                  | sword and wearing a +2 cloak (heavily wounded, catching its
                  | breath, about 17% to evade the +18 lance "Wyrmbane")
 76110 | Zot:2    | Aim: a white draconian stormcaller, wielding a +0 long
                  | sword and wearing a +2 cloak (heavily wounded, catching its
                  | breath, about 17% to evade the +18 lance "Wyrmbane")
 76111 | Zot:2    | Aim: a white draconian stormcaller, wielding a +0 long
                  | sword and wearing a +2 cloak (heavily wounded, about 17% to
                  | evade the +18 lance "Wyrmbane")
 76111 | Zot:2    | Aim: a white draconian stormcaller, wielding a +0 long
                  | sword and wearing a +2 cloak (heavily wounded, about 17% to
                  | evade the +18 lance "Wyrmbane")
 76145 | Zot:2    | M - quicksilver dragon scales {rare}
 76169 | Zot:2    | You finish putting on your quicksilver dragon scales
                  | {rare}.
 76171 | Zot:2    | You drop +0 gold dragon scales {rare}.
 76258 | Zot:5    | Entered Level 5 of the Realm of Zot
 76374 | Zot:5    | +0 storm dragon scales {rare}; a +0 cloak; a storm dragon
                  | corpse
 76464 | Zot:5    | Noticed an orb of fire
 76489 | Zot:5    | Killed an orb of fire
 76504 | Zot:5    | Got a prismatic gem with 591 turns to spare
 76520 | Zot:5    | Reached skill level 25 in Shields
 76549 | Zot:5    | +0 storm dragon scales {rare}; a storm dragon corpse
 76549 | Zot:5    | Noticed a Killer Klown
 76551 | Zot:5    | +0 storm dragon scales {rare}; a storm dragon corpse
 76574 | Zot:5    | Killed a Killer Klown
 76582 | Zot:5    | +0 storm dragon scales {rare}; a storm dragon corpse
 76612 | Zot:5    | Noticed an electric golem
 76618 | Zot:5    | Noticed a Killer Klown
 76627 | Zot:5    | Noticed a Killer Klown
 76628 | Zot:5    | Noticed a Killer Klown
 76628 | Zot:5    | Noticed a dread lich
 76628 | Zot:5    | Noticed a dread lich
 76628 | Zot:5    | Noticed an orb of fire
 76629 | Zot:5    | Killed an electric golem
 76630 | Zot:5    | Aim: a Killer Klown, wielding a +9 antimagic club (severely
                  | wounded, paralysed, about 2% to evade the +18 lance
                  | "Wyrmbane")
 76631 | Zot:5    | Aim: a Killer Klown, wielding a +9 antimagic club (severely
                  | wounded, paralysed, about 2% to evade the +18 lance
                  | "Wyrmbane")
 76631 | Zot:5    | Aim: a Killer Klown, wielding a +9 antimagic club (severely
                  | wounded, paralysed, about 2% to evade the +18 lance
                  | "Wyrmbane")
 76632 | Zot:5    | Aim: a Killer Klown, wielding a +9 antimagic club (almost
                  | dead, paralysed, about 2% to evade the +18 lance
                  | "Wyrmbane")
 76632 | Zot:5    | Aim: a Killer Klown, wielding a +9 antimagic club (almost
                  | dead, paralysed, about 2% to evade the +18 lance
                  | "Wyrmbane")
 76633 | Zot:5    | Aim: a Killer Klown, wielding a +9 antimagic club (almost
                  | dead, paralysed, about 2% to evade the +18 lance
                  | "Wyrmbane")
 76633 | Zot:5    | Aim: a Killer Klown, wielding a +9 antimagic club (almost
                  | dead, paralysed, about 2% to evade the +18 lance
                  | "Wyrmbane")
 76634 | Zot:5    | Aim: a Killer Klown, wielding a +9 antimagic club (almost
                  | dead, paralysed, about 2% to evade the +18 lance
                  | "Wyrmbane")
 76634 | Zot:5    | Aim: a Killer Klown, wielding a +9 antimagic club (almost
                  | dead, paralysed, about 2% to evade the +18 lance
                  | "Wyrmbane")
 76634 | Zot:5    | Killed a Killer Klown
 76638 | Zot:5    | Noticed an ancient lich
 76638 | Zot:5    | Noticed an orb of fire
 76639 | Zot:5    | Got the Orb of Zot
 76639 | Zot:5    | Gained mutation: Armour fits poorly on your strangely
                  | shaped body. [an orb of fire]
 76641 | Zot:5    | Noticed a Killer Klown
 76641 | Zot:5    | Noticed a Killer Klown
 76641 | Zot:5    | Noticed a dread lich
 76642 | Zot:5    | Noticed an orb of fire
 76643 | Zot:5    | Noticed an orb of fire
 76660 | Zot:5    | Killed an orb of fire
 76696 | Zot:5    | +0 storm dragon scales {rare}; a +0 cloak; a storm dragon
                  | skeleton
 76938 | Depths:1 | Noticed Xoyvugg the pandemonium lord
 76962 | Depths:1 | Killed Xoyvugg the pandemonium lord
 77058 | D:15     | Noticed Idwah the pandemonium lord
 77058 | D:15     | Noticed an ancient lich
 77137 | D:12     | Noticed Zona the pandemonium lord
 77391 | D:$      | Escaped with the Orb!

Vanquished Creatures
  the Royal Jelly (Slime:5)
  3 dread liches
  2 orbs of fire (Zot:5)
  An ancient lich (Vaults:5)
  A juggernaut (Depths:3)
  A pandemonium lord (Depths:1)
  A royal mummy (Crypt:3)
  Boris (twice) (Vaults:3 Vaults:4)
  2 Killer Klowns (Zot:5)
  Saint Roka (Vaults:2)
  Vashnia (Snake:4)
  7 golden dragons
  A bone dragon (Depths:4)
  An electric golem (Zot:5)
  7 tentacled monstrosities
  2 liches (Vaults:5)
  8 Orb Guardians
  A walking earthen tome (Depths:3)
  3 titans (Vaults:5)
  A searing wretch (Zig:3)
  2 deep elf blademasters (Elf:3)
  2 deep elf master archers (Elf:3)
  16 acid blobs
  6 death cobs
  A quicksilver dragon (Zot:2)
  8 sphinxes
  An ancient champion (Depths:4)
  An Executioner (D:6)
  Agnes (Snake:4)
  Frances (Snake:2)
  14 shadow dragons
  Aizul (Snake:4)
  2 protean progenitors
  5 storm dragons
  4 revenants
  6 tengu reavers
  3 draconian monks
  3 nagarajas (Snake:4)
  9 rockslimes
  6 azure jellies (Slime:5)
  A draconian knight (Zot:2)
  8 frost giants
  8 fire giants
  4 deep elf sorcerers
  A draconian scorcher (Depths:4)
  A draconian shifter (Depths:4)
  2 curse skulls
  2 balrugs
  An iron dragon (Depths:4)
  20 vault wardens
  2 imperial myrmidons (Desolation)
  3 deep elf elementalists (Elf:3)
  2 ghouls
  A juggernaut zombie (Crypt:3)
  2 angels (Vaults:4)
  2 orc warlords
  19 ironbound preservers
  A draconian stormcaller (Zot:2)
  Louise (Shoals:4)
  A draconian annihilator (Depths:4)
  15 stone giants
  2 formless jellyfish (Slime:5)
  A caustic shrike skeleton (Depths:1)
  A caustic shrike zombie (Crypt:3)
  3 quicksilver oozes (Slime:5)
  The ghost of Kemigacs the Carver, a journeyman DsFi of Hepliaklqana (Elf:1)
  13 ironbound thunderhulks
  20 very ugly things
  A green draconian (Depths:4)
  4 black draconians
  2 lorocyprocas
  7 deep elf death magi
  3 purple draconians
  9 deep elf demonologists
  3 halazid warlocks (Desolation)
  5 vampire knights
  13 deep elf annihilators
  3 yellow draconians
  5 red draconians
  A war gargoyle (Vaults:1)
  5 spark wasps
  2 eidola (Crypt:1)
  7 dire elephants
  12 ettins
  2 crystal guardians
  7 merfolk impalers
  Josephine (Lair:4)
  2 mummy priests (Crypt:3)
  6 merfolk javelineers
  3 great orbs of eyes
  An entropy weaver (Vaults:4)
  3 jiangshi (Crypt:2)
  9 fire dragons
  17 yaktaur captains
  7 deep elf high priests
  6 ragged hierophants (Desolation)
  39 vault guards
  3 ice dragons
  A caustic shrike simulacrum (Depths:1)
  A quicksilver dragon zombie (Crypt:3)
  A quicksilver dragon skeleton (Depths:1)
  3 rakshasas
  7 servants of whispers (Desolation)
  Erolcha (D:11)
  4 alligator snapping turtles
  6 hydras
  12 peacekeepers
  5 salamander tyrants
  3 ogre magi
  Fannar (Orc:1)
  2 merfolk avatars
  14 centaur warriors
  4 satyrs (Shoals:4)
  17 two-headed ogres
  11 anacondas
  5 merfolk aquamancers
  3 naga warriors
  6 death yaks
  3 spriggan air magi
  2 death knights
  8 deep troll shamans
  5 ironbound frosthearts
  13 dancing weapons
  2 tengu warriors (D:15)
  3 vampire magi
  7 deep troll earth magi
  14 shock serpents
  3 spriggan berserkers
  A titan zombie (Depths:1)
  4 occultists (D:13)
  4 soul eaters
  12 naga sharpshooters
  3 hell knights
  2 orc high priests
  Urug (D:12)
  An emperor scorpion zombie (Crypt:3)
  5 skysharks
  7 salamander mystics
  10 deep elf knights
  20 skeletal warriors
  2 shadow wraiths (Crypt:3)
  A sun demon (Depths:3)
  9 sea snakes
  A sea snake (shapeshifter) (D:15)
  5 iron trolls
  A shadow demon (Depths:2)
  A spark wasp zombie (Depths:1)
  58 deep trolls
  6 flayed ghosts
  12 mana vipers
  4 sixfirhies
  A mana viper (shapeshifter) (Elf:2)
  An orb spider (shapeshifter) (Vaults:4)
  A quicksilver dragon simulacrum (Crypt:3)
  A deep troll (shapeshifter) (Vaults:5)
  13 arcanists
  2 tengu zombies
  A storm dragon skeleton (Crypt:3)
  Pikel (D:6)
  11 orc knights
  4 naga ritualists
  A bog body (Crypt:2)
  25 ironbound convokers
  6 lindwurms
  2 glowing orange brains
  16 harpies
  6 necromancers
  A lindwurm (shapeshifter) (Vaults:3)
  12 phantasmal warriors
  28 deep elf pyromancers
  27 deep elf zephyrmancers
  An oklob plant (Lair:1)
  11 deep elf archers
  A shining eye (Slime:4)
  4 orc sorcerers
  A shining eye (shapeshifter) (Vaults:4)
  60 ugly things
  11 cyclopes
  25 fauns
  Maurice (D:7)
  A wolf spider (D:15)
  8 moths of wrath
  16 manticores
  19 salamanders
  A jorogumo skeleton (Crypt:3)
  A fire giant skeleton (Depths:1)
  2 elephants (shapeshifter)
  3 kobold blastminers (Orc:1)
  A formless jellyfish zombie (Crypt:1)
  A meliai (shapeshifter) (Elf:2)
  33 black mambas
  7 merfolk sirens
  A dire elephant zombie (Crypt:3)
  An ice statue (IceCv)
  8 guardian serpents
  An eye of devastation (Slime:5)
  14 naga magi
  A torpor snail (Zig:2)
  A gargoyle (D:10)
  23 vault sentinels
  A rust devil (D:15)
  2 smoke demons
  Maggie (D:6)
  5 water nymphs (Shoals:4)
  A molten gargoyle (Depths:1)
  Jeremiah (D:7)
  19 cane toads
  5 orange demons
  12 komodo dragons
  2 unseen horrors
  7 large abominations
  11 freezing wraiths
  A kobold demonologist (D:13)
  3 rime drakes
  A naga skeleton (Crypt:3)
  47 yaktaurs
  An alligator snapping turtle skeleton (Crypt:2)
  An anaconda simulacrum (IceCv)
  A tormentor (Zig:3)
  4 tengu conjurers
  2 hellions
  11 ice devils (IceCv)
  A harpy zombie (Crypt:3)
  An unseen horror skeleton (Crypt:3)
  15 guardian mummies (Crypt:3)
  A death drake zombie (Crypt:1)
  A polar bear (shapeshifter) (Elf:1)
  14 trolls
  Prince Ribbit (D:6)
  19 merfolk
  2 hellwings (D:15)
  69 saltlings (Desolation)
  8 polar bears
  7 wind drakes
  A harpy skeleton (Crypt:1)
  A troll (shapeshifter) (D:15)
  7 hornets
  A blink frog (shapeshifter) (Vaults:4)
  30 blink frogs
  A tengu simulacrum (Depths:1)
  10 snapping turtles
  A glass eye (Depths:4)
  7 dream sheep
  A fire giant simulacrum (Depths:1)
  A frost giant simulacrum (Depths:1)
  A culicivora (Vaults:4)
  51 slime creatures
  A spriggan skeleton (Depths:1)
  A slime creature (shapeshifter) (Vaults:5)
  4 dire elephant simulacra (IceCv)
  3 shadows
  8 small abominations (Depths:4)
  15 spriggans (Lair:5)
  A spriggan (shapeshifter) (Depths:1)
  22 water elementals
  7 air elementals
  10 wraiths
  A vampire (D:10)
  A human (shapeshifter) (D:15)
  7 basilisks
  A ynoxinul (D:15)
  6 wyverns
  53 yaks
  2 fire elementals
  7 golden eyes
  3 ushabtiu (Crypt:3)
  5 wargs
  2 redbacks (Vaults:4)
  10 vampire mosquitoes
  3 chaos spawn (Depths:4)
  6 death yak simulacra
  32 nagas
  A harpy simulacrum (Crypt:3)
  4 acid dragons
  A human skeleton (Depths:1)
  11 water moccasins
  20 orc warriors
  A glowing shapeshifter skeleton (Crypt:3)
  8 black bears
  4 sky beasts
  An ice beast (D:5)
  4 boggarts
  24 ogres
  5 centaurs
  39 wolves
  A blink frog skeleton (Crypt:2)
  3 phantoms
  9 weeping skulls (Crypt:3)
  2 kobold brigands
  11 bullfrogs
  2 necrophages (Crypt:2)
  3 gnoll sergeants
  An earth elemental (Elf:1)
  4 scorpions
  6 cane toad simulacra (IceCv)
  A warg skeleton (Crypt:3)
  A two-headed ogre simulacrum (IceCv)
  5 wights (D:7)
  4 elephant simulacra
  An electric eel (D:10)
  6 hounds
  18 orc priests
  2 jellies
  3 sleepcaps
  An iguana (D:5)
  24 orc wizards
  6 polar bear simulacra
  2 spriggan simulacra (IceCv)
  2 wolf simulacra
  7 mummies (Crypt:3)
  Robin (D:2)
  18 gnolls
  6 adders
  2 shadow imps
  2 white imps
  5 ufetubi
  3 dart slugs
  A ribbon worm (D:5)
  73 orcs
  8 ball pythons
  6 endoplasms
  2 giant cockroaches
  A gnoll zombie (Crypt:2)
  10 goblins
  7 hobgoblins
  2 jackals (D:4)
  12 kobolds
  3 quokkas
  4 bats
  2 frilled lizards
  3 rats
2241 creatures vanquished.

Vanquished Creatures (others)
  2 Orb Guardians (Zot:5)
  A sphinx (Vaults:2)
  2 deep elf sorcerers
  A vault warden (Vaults:3)
  2 quicksilver oozes
  2 yaktaur captains
  A great orb of eyes (Slime:5)
  A peacekeeper (Desolation)
  A boulder beetle (D:15)
  2 death knights (Crypt:1)
  A dancing weapon (Elf:2)
  4 hell knights (Depths:3)
  A deep elf knight (Elf:2)
  2 deep trolls (Vaults:2)
  A flayed ghost (Crypt:3)
  A harpy (Shoals:4)
  2 necromancers (Depths:3)
  An ugly thing (Depths:1)
  3 cyclopes
  A salamander (Snake:4)
  A centaur zombie (Crypt:3)
  2 black mambas (Snake:4)
  A manticore (Shoals:4)
  A guardian serpent (Snake:3)
  2 yaktaurs
  A wind drake (Shoals:4)
  2 saltlings (Desolation)
  A snapping turtle (Shoals:4)
  3 slime creatures
  A yak (D:7)
  An orc warrior (D:15)
  An orc (Elf:2)
  A jackal zombie (Crypt:1)
50 creatures vanquished.

Grand Total: 2291 creatures vanquished

Table legend:
 A = Non-vault XP
 B = Vault XP
 C = Vault XP percentage of total XP
 D = Non-vault monster count
 E = Vault monster count
 F = Vault count percentage of total count
                 A         B        C        D         E       F
            +---------+---------+-------+---------+---------+-------
      Total |  641873 |  590319 |  47.9 |    1375 |     878 |  39.0
            +---------+---------+-------+---------+---------+-------
        D:1 |      31 |       7 |  18.4 |      17 |       4 |  19.0
        D:2 |      15 |      27 |  64.3 |       8 |       7 |  46.7
        D:3 |     322 |       6 |   1.8 |      19 |       3 |  13.6
        D:4 |     315 |       0 |   0.0 |      27 |       0 |   0.0
        D:5 |     712 |       0 |   0.0 |      12 |       0 |   0.0
        D:6 |     474 |    1403 |  74.7 |      15 |       3 |  16.7
        D:7 |    2527 |     944 |  27.2 |      32 |       2 |   5.9
        D:8 |    3376 |    1273 |  27.4 |      21 |       4 |  16.0
        D:9 |    1849 |     669 |  26.6 |      30 |      15 |  33.3
       D:10 |    2698 |     608 |  18.4 |      24 |       4 |  14.3
       D:11 |    5847 |     857 |  12.8 |      27 |       1 |   3.6
       D:12 |    4950 |    1183 |  19.3 |      26 |       2 |   7.1
       D:13 |    8012 |   13075 |  62.0 |      17 |      17 |  50.0
       D:14 |   12201 |       0 |   0.0 |      27 |       0 |   0.0
       D:15 |   15071 |    8815 |  36.9 |      31 |      16 |  34.0
     Temple |      40 |       0 |   0.0 |       1 |       0 |   0.0
     Lair:1 |    6617 |    1793 |  21.3 |      29 |       6 |  17.1
     Lair:2 |    2887 |     704 |  19.6 |      11 |       5 |  31.2
     Lair:3 |   10764 |    1376 |  11.3 |      39 |      14 |  26.4
     Lair:4 |    8867 |    1747 |  16.5 |      30 |       5 |  14.3
     Lair:5 |   12292 |    9381 |  43.3 |      37 |      50 |  57.5
   Shoals:1 |   10615 |       0 |   0.0 |      23 |       0 |   0.0
   Shoals:2 |   20820 |       0 |   0.0 |      45 |       0 |   0.0
   Shoals:3 |    2999 |       0 |   0.0 |       7 |       0 |   0.0
   Shoals:4 |   25864 |   21042 |  44.9 |      54 |      36 |  40.0
    Snake:1 |    6658 |       0 |   0.0 |      16 |       0 |   0.0
    Snake:2 |   22344 |    1434 |   6.0 |      41 |       1 |   2.4
    Snake:3 |    9526 |       0 |   0.0 |      26 |       0 |   0.0
    Snake:4 |   16468 |   42517 |  72.1 |      31 |      58 |  65.2
    Slime:1 |    4070 |       0 |   0.0 |       6 |       0 |   0.0
    Slime:3 |    1937 |       0 |   0.0 |       4 |       0 |   0.0
    Slime:4 |    3214 |       0 |   0.0 |       3 |       0 |   0.0
    Slime:5 |   10660 |   28250 |  72.6 |      19 |      19 |  50.0
      Orc:1 |    4571 |    1740 |  27.6 |      17 |       6 |  26.1
      Orc:2 |    3564 |   14693 |  80.5 |      22 |      37 |  62.7
      Elf:1 |   27509 |   12075 |  30.5 |      46 |      17 |  27.0
      Elf:2 |   19591 |    2164 |   9.9 |      36 |       3 |   7.7
      Elf:3 |    5046 |   39166 |  88.6 |       9 |      36 |  80.0
   Vaults:1 |   35128 |   19994 |  36.3 |      62 |      27 |  30.3
   Vaults:2 |   22368 |   32909 |  59.5 |      32 |      53 |  62.4
   Vaults:3 |   19904 |   23690 |  54.3 |      35 |      30 |  46.2
   Vaults:4 |   34654 |   22821 |  39.7 |      53 |      22 |  29.3
   Vaults:5 |   28275 |  109885 |  79.5 |      43 |      90 |  67.7
    Crypt:1 |   11653 |       0 |   0.0 |      20 |       0 |   0.0
    Crypt:2 |   14362 |       0 |   0.0 |      22 |       0 |   0.0
    Crypt:3 |   22053 |   19778 |  47.3 |      34 |      45 |  57.0
   Depths:1 |   29850 |   12190 |  29.0 |      45 |      14 |  23.7
   Depths:2 |   20853 |    6763 |  24.5 |      27 |       7 |  20.6
   Depths:3 |   28768 |   14812 |  34.0 |      35 |       9 |  20.5
   Depths:4 |   19872 |   23365 |  54.0 |      25 |      31 |  55.4
      Zot:2 |   15054 |    2095 |  12.2 |      14 |       2 |  12.5
      Zot:3 |    5149 |       0 |   0.0 |       3 |       0 |   0.0
      Zot:4 |    9441 |       0 |   0.0 |       8 |       0 |   0.0
      Zot:5 |   18341 |   34276 |  65.1 |      17 |      16 |  48.5
      Zig:1 |     874 |       0 |   0.0 |       3 |       0 |   0.0
      Zig:2 |    1701 |       0 |   0.0 |       4 |       0 |   0.0
      Zig:3 |    3635 |       0 |   0.0 |       4 |       0 |   0.0
      Zig:4 |    4615 |       0 |   0.0 |       4 |       0 |   0.0
      IceCv |       0 |   10324 | 100.0 |       0 |      51 | 100.0
 Desolation |       0 |   50468 | 100.0 |       0 |     110 | 100.0
            +---------+---------+-------+---------+---------+-------

Skill      XL: |  1  2  3  4  5  6  7  8  9 10 11 12 13 14 15 16 17 18 19 20 21 22 23 24 25 26 |
---------------+-------------------------------------------------------------------------------+-----
Fighting       | 2 3 5 6 8 9 11 14 15 16 20 24 27 | 27.0
Maces & Flails | 2 |  2.9
Polearms       | 6 11 12 14 15 16 18 20 | 20.0
Dodging        | 6 9 11 12 14 19 20 | 20.0
Stealth        | 0 |  0.0
Shields        | 7 13 14 17 20 22 23 25 | 25.6
Armour         | 4 10 | 10.0
Evocations     | 7 8 |  8.0
Shapeshifting  | 8 10 | 10.0
Throwing       | |  1.0

Action                     |  1- 3 |  4- 6 |  7- 9 | 10-12 | 13-15 | 16-18 | 19-21 | 22-24 | 25-27 || total
---------------------------+-------+-------+-------+-------+-------+-------+-------+-------+-------++-------
  Melee: Spear             |   100 |       |       |       |       |       |       |       |       ||   100
         Headbutt          |    10 |    23 |    54 |   150 |   437 |   521 |   876 |   685 |   530 ||  3286
         Dagger            |     9 |   119 |   147 |       |       |       |       |       |       ||   275
         Punch             |       |     2 |     2 |     4 |    17 |    13 |       |       |       ||    38
         Whip              |       |       |    10 |       |       |       |       |       |       ||    10
         Lance             |       |       |    94 |   722 |  1722 |  2341 |  2964 |  2346 |  1594 || 11783
  Throw: Dart              |       |     7 |     5 |     5 |       |     3 |     1 |       |       ||    21
 Invoke: Sacrifice Resista |       |       |     1 |       |       |       |       |       |       ||     1
         Sacrifice Love    |       |       |       |     1 |       |       |       |       |       ||     1
         Draw Out Power    |       |       |       |     1 |     3 |     4 |     2 |       |     1 ||    11
         Sacrifice Stealth |       |       |       |     1 |       |       |       |       |       ||     1
         Sacrifice Courage |       |       |       |     1 |       |       |       |       |       ||     1
         Reject Sacrifices |       |       |       |     1 |       |       |       |       |       ||     1
         Sacrifice Essence |       |       |       |       |     1 |       |       |       |       ||     1
         Sacrifice Purity  |       |       |       |       |     1 |       |       |       |       ||     1
         Apocalypse        |       |       |       |       |       |     4 |     4 |    10 |     6 ||    24
  Evoke: Wand              |     3 |     6 |    15 |     2 |     4 |    17 |    16 |     7 |    11 ||    81
         Lightning rod     |       |       |       |       |     6 |     7 |       |     4 |     5 ||    22
         Condenser vane    |       |       |       |       |       |       |       |       |     2 ||     2
    Use: Scroll            |     4 |       |     8 |    12 |     4 |     5 |     5 |    14 |    16 ||    68
         Potion            |       |       |       |     1 |       |     5 |       |     2 |    32 ||    40
   Stab: Sleeping          |     4 |     2 |     1 |       |       |       |     1 |       |       ||     8
         Distracted        |       |       |     1 |     2 |     9 |     5 |     7 |     7 |     4 ||    35
         Invisible         |       |       |       |     4 |    11 |    36 |    23 |     3 |    18 ||    95
         Petrified         |       |       |       |       |     3 |       |       |       |       ||     3
         Petrifying        |       |       |       |       |     1 |       |       |       |       ||     1
         Paralysed         |       |       |       |       |    12 |    25 |    18 |    19 |    21 ||    95
 Armour: Robe              |    65 |    93 |   188 |   297 |   614 |   827 |   726 |   399 |   171 ||  3380
         Quicksilver drago |       |       |       |       |       |       |       |       |    52 ||    52
  Dodge: Dodged            |    39 |    50 |    86 |   207 |   387 |   473 |   421 |   291 |   283 ||  2237
  Block: Kite shield       |       |       |       |       |       |   460 |    84 |       |       ||   544
         Tower shield      |       |       |       |       |       |       |  1544 |  1090 |   972 ||  3606

Illustrated notes

Table legend:
 A = Kills in this place as a percentage of kills in the entire game.
 B = Kills by you in this place as a percentage of kills by you in the entire game.
 C = Kills by friends in this place as a percentage of kills by friends in the entire game.
 D = Other kills in this place as a percentage of other kills in the entire game.
 E = Experience gained in this place as a percentage of experience gained in the entire game.
 F = Experience gained in this place divided by the number of levels of this place that you have seen.
                   A       B       C       D       E      F
               +-------+-------+-------+-------+-------+----------------------
         Total | 100.0 | 100.0 |   N/A | 100.0 | 100.0 | 20073.6
       Dungeon |  18.5 |  18.6 |   N/A |  12.8 |   7.6 | 6274.9
        Temple |   0.0 |   0.0 |   N/A |   0.0 |   0.0 |  40.0
          Lair |  10.0 |  10.1 |   N/A |   0.0 |   4.5 | 11285.6
        Shoals |   7.3 |   7.2 |   N/A |  10.3 |   6.5 | 20335.0
     Snake Pit |   7.6 |   7.6 |   N/A |  10.3 |   8.0 | 24736.8
    Slime Pits |   2.3 |   2.2 |   N/A |   7.7 |   3.9 | 9626.2
  Orcish Mines |   3.6 |   3.6 |   N/A |   2.6 |   2.0 | 12284.0
   Elven Halls |   6.5 |   6.5 |   N/A |   7.7 |   8.5 | 35183.7
        Vaults |  19.7 |  19.7 |   N/A |  23.1 |  28.1 | 69925.6
         Crypt |   5.3 |   5.3 |   N/A |  10.3 |   5.5 | 22615.3
        Depths |   8.7 |   8.8 |   N/A |   2.6 |  13.0 | 40496.5
           Zot |   2.6 |   2.6 |   N/A |   5.1 |   6.8 | 16871.2
      Ziggurat |   0.7 |   0.7 |   N/A |   0.0 |   0.9 | 2706.2
      Ice Cave |   2.3 |   2.3 |   N/A |   0.0 |   0.8 | 10324.0
    Desolation |   4.9 |   4.8 |   N/A |   7.7 |   4.1 | 50468.0
               +-------+-------+-------+-------+-------+----------------------

Table legend: (Time is in decaauts)
 A = Elapsed time spent in this place.
 B = Non-inter-level travel time spent in this place.
 C = Inter-level travel time spent in this place.
 D = Time resting spent in this place.
 E = Time spent auto-exploring this place.
 F = Levels seen in this place.
 G = Mean time per level.
                   A        B        C        D        E       F      G
               +--------+--------+--------+--------+--------+-----+--------+
         Total |  72264 |  65556 |   6708 |  10843 |  40734 |  62 | 1165.5 |
       Dungeon |  18579 |  15895 |   2684 |   2135 |  11162 |  15 | 1238.6 |
        Temple |    187 |    187 |      0 |    155 |      0 |   1 |  187.0 |
          Lair |   7437 |   6789 |    648 |   1042 |   4680 |   5 | 1487.4 |
        Shoals |   6077 |   5812 |    265 |    901 |   3797 |   4 | 1519.2 |
     Snake Pit |   8388 |   8091 |    297 |   1252 |   5740 |   4 | 2097.0 |
    Slime Pits |    546 |    531 |     15 |     41 |      0 |   5 |  109.2 |
  Orcish Mines |   2325 |   2182 |    143 |    670 |   1181 |   2 | 1162.5 |
   Elven Halls |   3837 |   3593 |    244 |    296 |   2432 |   3 | 1279.0 |
        Vaults |  11990 |  11136 |    854 |   2162 |   6489 |   5 | 2398.0 |
         Crypt |   1437 |   1277 |    160 |    121 |    455 |   3 |  479.0 |
        Depths |   7407 |   6030 |   1377 |   1055 |   3682 |   4 | 1851.8 |
           Zot |    590 |    573 |     17 |      3 |      0 |   5 |  118.0 |
      Ziggurat |    151 |    151 |      0 |     35 |      6 |   4 |   37.8 |
      Ice Cave |   1419 |   1419 |      0 |    658 |    402 |   1 | 1419.0 |
    Desolation |   1888 |   1888 |      0 |    316 |    708 |   1 | 1888.0 |
               +--------+--------+--------+--------+--------+-----+--------+

Top non-repeatable levels by time:
 Snake:4: 3794 daAuts
Vaults:2: 3154 daAuts
    D:15: 2995 daAuts
Vaults:1: 2930 daAuts
Depths:1: 2445 daAuts
Shoals:4: 2358 daAuts
Vaults:4: 2300 daAuts
 Snake:2: 2205 daAuts
Depths:2: 2005 daAuts
Vaults:5: 1975 daAuts
     D:7: 1935 daAuts
  Lair:3: 1932 daAuts
Desolation: 1888 daAuts
Depths:4: 1651 daAuts
Vaults:3: 1630 daAuts
